Workbook

Sheet RESUMO (2)
A2: Ministério do Desenvolvimento Regional - MDR
A3: Companhia de Desenvolvimento dos Vales do São Francisco e do Parnaíba
A5: QUADRO RESUMO
A7: OBJETO: SERVIÇOS COMUNS DE ENGENHARIA PARA EXECUÇÃO DE PÁTIO PARA MÚLTIPLOS USOS EM DIVERSOS MUNICÍPIOS DO ESTADO DO AMAPÁ SOB A ÁREA DE ATUAÇÃO DA 11ª SUPERINTENDÊNCIA REGIONAL DA CODEVASF ATRAVÉS DE SISTEMA DE REGISTRO DE PREÇOS - SRP
A11: ENCARGOS SOCIAIS | E11: HORISTA | G11: MENSALISTA | I11: BDI PARA SERVIÇOS | L11: BANCO DE DADOS
A12: Desonerado | E12: 1.1408 | G12: 0.69 | I12: 0.2624 | L12: SINAPI AP 06/2025 - SBC AP 07/2025 - SICRO3 AP 04/2025 - ORSE 05/2025 | Q12: =#REF!+#REF! -> #REF!
A15: GRUPO | B15: REGIÃO | D15: MUNICÍPIOS DE ABRANGÊNCIA | G15: QUANTIDADE (un) | H15: VALOR UNITÁRIO PÁTIO (R$) | K15: VALOR PROJETO EXECUTIVO/GRUPO (R$) | M15: VALOR GLOBAL COM BDI (R$)
A17: 1 | B17: Macapá | D17: Itaubal, Macapá, Mazagão e Santana | G17: 04 un | H17: 1529449.5 | K17: 14579 | M17: 6132377.1
A19: 2 | B19: Laranjal do Jari | D19: Laranjal do Jari e Vitória do Jari | G19: 02 un | H19: 1555842.1 | K19: 14579 | M19: 3126263.2
A21: 3 | B21: Oiapoque | D21: Amapá, Calçoene, Cutias, Oiapoque, Pracuúba e Tartarugalzinho | G21: 06 un | H21: 1560782.5 | K21: 14579 | M21: 9379274.2
R22: =#REF!-#REF! -> #REF!
A23: 4 | B23: Porto Grande | D23: Ferreira Gomes, Pedra Branca do Amapari, Porto Grande e Serra do Navio | G23: 04 un | H23: 1532165.2 | K23: 14579 | M23: 6143239.9
A25: TOTAL | G25: 16 unidades | M25: 24781154
P26: =#REF!-P28 -> #REF!
P28: 1526415.8

Sheet RESUMO
B2: Ministério do Desenvolvimento Regional - MDR
B3: Companhia de Desenvolvimento dos Vales do São Francisco e do Parnaíba
B5: ORÇAMENTO RESUMIDO
B7: OBJETO: EXECUÇÃO DE OBRA E SERVIÇOS DE ENGENHARIA PARA CONSTRUÇÃO DE GALPÃO PARA MÚLTIPLOS USOS QUE IRÁ COMPOR ESTRUTURA DO CENTRO DE PRODUÇÃO DE MUDAS/BIOFÁBRICA, SOB A ÁREA DE ATUAÇÃO DA 11ª SUPERINTENDÊNCIA REGIONAL DA CODEVASF
B10: ETAPA | D10: SERVIÇO | J10: QUANTIDADE | L10: VALORES (R$)
L11: VALOR UNITÁRIO (R$) | N11: VALOR GLOBAL (R$)
B12: 1 | D12: =SINTÉTICO!D13 -> PROJETO EXECUTIVO | J12: 1 | L12: =SINTÉTICO!L13 -> 11024.53 | N12: =L12*J12 -> 11024.53
B13: 2 | D13: =SINTÉTICO!D18 -> SERVIÇOS PRELIMINARES | J13: 1 | L13: =SINTÉTICO!L18 -> 45830.94 | N13: =L13*J13 -> 45830.94
B14: 3 | D14: =SINTÉTICO!D26 -> ADMINISTRAÇÃO LOCAL | J14: 1 | L14: =SINTÉTICO!L26 -> 72914.25 | N14: =L14*J14 -> 72914.25
B15: 4 | D15: =SINTÉTICO!D30 -> MOVIMENTO DE TERRA | J15: 1 | L15: =SINTÉTICO!L30 -> 2127.44 | N15: =L15*J15 -> 2127.44
B16: 5 | D16: =SINTÉTICO!D35 -> CONSTRUÇÃO CIVIL | J16: 1 | L16: =SINTÉTICO!L35 -> 224679.62 | N16: =L16*J16 -> 224679.62
B17: 6 | D17: =SINTÉTICO!D46 -> FUNDAÇÃO - ESTRUTURAS DE CONCRETO ARMADO | J17: 1 | L17: =SINTÉTICO!L46 -> 81260.95 | N17: =L17*J17 -> 81260.95
B18: 7 | D18: =SINTÉTICO!D59 -> ESTRUTURAS METÁLICAS | J18: 1 | L18: =SINTÉTICO!L59 -> 249560.38 | N18: =L18*J18 -> 249560.38
B19: 8 | D19: =SINTÉTICO!D65 -> SERVIÇOS DIVERSOS | J19: 1 | L19: =SINTÉTICO!L65 -> 17369.94 | N19: =L19*J19 -> 17369.94
B20: 9 | D20: =SINTÉTICO!D68 -> INSTALAÇÃO ELÉTRICA | J20: 1 | L20: =SINTÉTICO!L68 -> 9856.08 | N20: =L20*J20 -> 9856.08
B21: 10 | D21: =SINTÉTICO!D86 -> LIMPEZA FINAL DE OBRA | J21: 1 | L21: =SINTÉTICO!L86 -> 14860.97 | N21: =L21*J21 -> 14860.97
B22: VALOR TOTAL COM BDI | L22: =SUM(N12:P21) -> 729485.1

Sheet SINTÉTICO
D2: Ministério do Desenvolvimento Regional - MDR
D3: Companhia de Desenvolvimento dos Vales do São Francisco e do Parnaíba
A5: ORÇAMENTO SINTÉTICO
A7: OBJETO: EXECUÇÃO DE OBRA E SERVIÇOS DE ENGENHARIA PARA CONSTRUÇÃO DE GALPÃO PARA MÚLTIPLOS USOS QUE IRÁ COMPOR ESTRUTURA DO CENTRO DE PRODUÇÃO DE MUDAS/BIOFÁBRICA, SOB A ÁREA DE ATUAÇÃO DA 11ª SUPERINTENDÊNCIA REGIONAL DA CODEVASF
A10: ENCARGOS SOCIAIS | D10: HORISTA | E10: MENSALISTA | G10: BDI | I10: BANCO DE DADOS:
A11: NÃO DESONERADO | D11: 1.1408 | E11: 0.69 | G11: 0.2624 | I11: SINAPI AP 08/2025 - SBC AP 09/2025 - EMBASA 06/2025 - AGESUL 06/2025 - SICRO3 AP 07/2025 - SETOP 04/2025 - ORSE 07/2025
A12: ITEM | B12: CÓDIGO | C12: FONTE | D12: DESCRIÇÃO DOS SERVIÇOS | E12: UND. | F12: QUANT. UNITÁRIA | G12: QUANT. GLOBAL | H12: PREÇO UNITÁRIO S/BDI | I12: PREÇO UNITÁRIO C/ BDI | J12: VALOR UNITÁRIO C/BDI | K12: VALOR GLOBAL C/ BDI
A13: 1.0 | D13: PROJETO EXECUTIVO | L13: =ROUND(SUM(J14:J17),2) -> 11024.53 | M13: =ROUND(SUM(K14:K17),2) -> 11024.53
A14: 1.1 | B14: 90778 | C14: SINAPI | D14: ENGENHEIRO CIVIL DE OBRA PLENO (HORISTA) | E14: H | F14: =10*3.5 -> 35 | G14: =ROUND(F14,2) -> 35 | H14: 135.94 | I14: =(H14*26.24%)+H14 -> 171.61066 | J14: =ROUND(F14*I14,2) -> 6006.37 | K14: =ROUND(G14*I14,2) -> 6006.37 | M14: POR UM MÊS SÓ PARA ESSA ETAPA NO CRONOGRAMA
A15: 1.2 | B15: 25 | C15: SBC | D15: LEVANTAMENTO TOPOGRAFICO PLANIALTIMETRICO ATE 1 HECTARE | E15: M² | F15: =35*19 -> 665 | G15: =ROUND(F15,2) -> 665 | H15: 0.4 | I15: =(H15*26.24%)+H15 -> 0.50496 | J15: =ROUND(F15*I15,2) -> 335.8 | K15: =ROUND(G15*I15,2) -> 335.8
A16: 1.3 | B16: 32.02.01 | C16: EMBASA | D16: SONDAGEM A PERCUSSÃO | E16: M | F16: 40 | G16: =ROUND(F16,2) -> 40 | H16: 85 | I16: =(H16*26.24%)+H16 -> 107.304 | J16: =ROUND(F16*I16,2) -> 4292.16 | K16: =ROUND(G16*I16,2) -> 4292.16
A17: 1.4 | B17: * | C17: CREA/AP | D17: ART DE OBRAS E SERVIÇOS - CREA/AP | E17: UND | F17: 3 | G17: =ROUND(F17,2) -> 3 | H17: 103.03 | I17: =(H17*26.24%)+H17 -> 130.06507 | J17: =ROUND(F17*I17,2) -> 390.2 | K17: =ROUND(G17*I17,2) -> 390.2
A18: 2.0 | D18: SERVIÇOS PRELIMINARES | L18: =ROUND(SUM(J19:J25),2) -> 45830.94 | M18: =ROUND(SUM(K19:K25),2) -> 45830.94
A19: 2.1 | B19: 103689 | C19: SINAPI | D19: FORNECIMENTO E INSTALAÇÃO DE PLACA DE OBRA COM CHAPA GALVANIZADA E ESTRUTURA DE MADEIRA. AF_03/2022_PS | E19: M2 | F19: 6.48 | G19: =ROUND(F19,2) -> 6.48 | H19: 460.34 | I19: =(H19*26.24%)+H19 -> 581.13322 | J19: =ROUND(F19*I19,2) -> 3765.74 | K19: =ROUND(G19*I19,2) -> 3765.74
A20: 2.2 | B20: 98459 | C20: SINAPI | D20: TAPUME COM TELHA METÁLICA. AF_03/2024 | E20: M2 | F20: 196.68 | G20: =ROUND(F20,2) -> 196.68 | H20: 84.37 | I20: =(H20*26.24%)+H20 -> 106.50869 | J20: =ROUND(F20*I20,2) -> 20948.13 | K20: =ROUND(G20*I20,2) -> 20948.13
A21: 2.3 | B21: 101509 | C21: SINAPI | D21: ENTRADA DE ENERGIA ELÉTRICA, AÉREA, TRIFÁSICA, COM CAIXA DE EMBUTIR, CABO DE 10 MM2 E DISJUNTOR DIN 50A (NÃO INCLUSO O POSTE DE CONCRETO). AF_07/2020 | E21: UN | F21: 1 | G21: =ROUND(F21,2) -> 1 | H21: 2110.95 | I21: =(H21*26.24%)+H21 -> 2664.8633 | J21: =ROUND(F21*I21,2) -> 2664.86 | K21: =ROUND(G21*I21,2) -> 2664.86
A22: 2.4 | B22: 12075 | C22: SBC | D22: INSTALACAO PROVISORIA DE AGUA E ESGOTO | E22: PT | F22: 1 | G22: =ROUND(F22,2) -> 1 | H22: 3377.45 | I22: =(H22*26.24%)+H22 -> 4263.6929 | J22: =ROUND(F22*I22,2) -> 4263.69 | K22: =ROUND(G22*I22,2) -> 4263.69
A23: 2.5 | B23: 5088 | C23: ORSE | D23: BARRACÃO PARA OBRAS DE MÉDIO PORTE REAPROVEITAMENTO 2 VEZES | E23: M2 | F23: =4*5 -> 20 | G23: =ROUND(F23,2) -> 20 | H23: 251.64 | I23: =(H23*26.24%)+H23 -> 317.67034 | J23: =ROUND(F23*I23,2) -> 6353.41 | K23: =ROUND(G23*I23,2) -> 6353.41
A24: 2.5 | B24: 99059 | C24: SINAPI | D24: LOCAÇÃO CONVENCIONAL DE OBRA, UTILIZANDO GABARITO DE TÁBUAS CORRIDAS PONTALETADAS A CADA 2,00M - 2 UTILIZAÇÕES. AF_03/2024 | E24: M | F24: 85.4 | G24: =ROUND(F24,2) -> 85.4 | H24: 69.04 | I24: =(H24*26.24%)+H24 -> 87.156096 | J24: =ROUND(F24*I24,2) -> 7443.13 | K24: =ROUND(G24*I24,2) -> 7443.13
A25: 2.6 | B25: 98525 | C25: SINAPI | D25: LIMPEZA MECANIZADA DE CAMADA VEGETAL, VEGETAÇÃO E PEQUENAS ÁRVORES (DIÂMETRO DE TRONCO MENOR QUE 0,20 M), COM TRATOR DE ESTEIRAS | E25: M2 | F25: =30*15 -> 450 | G25: =ROUND(F25,2) -> 450 | H25: 0.69 | I25: =(H25*26.24%)+H25 -> 0.871056 | J25: =ROUND(F25*I25,2) -> 391.98 | K25: =ROUND(G25*I25,2) -> 391.98
A26: 3.0 | D26: ADMINISTRAÇÃO LOCAL | L26: =ROUND(SUM(J27:J29),2) -> 72914.25 | M26: =ROUND(SUM(K27:K29),2) -> 72914.25
A27: 3.1 | B27: 93563 | C27: SINAPI | D27: ALMOXARIFE COM ENCARGOS COMPLEMENTARES | E27: MÊS | F27: 4 | G27: =ROUND(F27,2) -> 4 | H27: 4133.84 | I27: =(H27*26.24%)+H27 -> 5218.5596 | J27: =ROUND(F27*I27,2) -> 20874.24 | K27: =ROUND(G27*I27,2) -> 20874.24
A28: 3.2 | B28: 93572 | C28: SINAPI | D28: ENCARREGADO GERAL DE OBRAS COM ENCARGOS COMPLEMENTARES | E28: MÊS | F28: 4 | G28: =ROUND(F28,2) -> 4 | H28: 4868.17 | I28: =(H28*26.24%)+H28 -> 6145.5778 | J28: =ROUND(F28*I28,2) -> 24582.31 | K28: =ROUND(G28*I28,2) -> 24582.31
A29: 3.3 | B29: 90778 | C29: SINAPI | D29: ENGENHEIRO CIVIL DE OBRA PLENO COM ENCARGOS COMPLEMENTARES | E29: H | F29: 160 | G29: =ROUND(F29,2) -> 160 | H29: 135.94 | I29: =(H29*26.24%)+H29 -> 171.61066 | J29: =ROUND(F29*I29,2) -> 27457.7 | K29: =ROUND(G29*I29,2) -> 27457.7
A30: 4.0 | D30: MOVIMENTO DE TERRA | L30: =ROUND(SUM(J31:J34),2) -> 2127.44 | M30: =ROUND(SUM(K31:K34),2) -> 2127.46
A31: 4.1 | B31: 96525 | C31: SINAPI | D31: ESCAVAÇÃO MECANIZADA PARA VIGA BALDRAME OU SAPATA CORRIDA COM MINI-ESCAVADEIRA (INCLUINDO ESCAVAÇÃO PARA COLOCAÇÃO DE FÔRMAS). AF_01/2024 | E31: M3 | F31: 23.47 | G31: =ROUND(F31,2) -> 23.47 | H31: 56.5 | I31: =(H31*26.24%)+H31 -> 71.3256 | J31: =ROUND(F31*I31,2) -> 1674.01 | K31: =ROUND(G31*I31,2) -> 1674.01
A32: 4.2 | B32: 101617 | C32: SINAPI | D32: PREPARO DE FUNDO DE VALA COM LARGURA MAIOR OU IGUAL A 1,5 M E MENOR QUE 2,5 M (ACERTO DO SOLO NATURAL). AF_08/2020 | E32: M2 | F32: 10.145 | G32: =ROUND(F32,2) -> 10.15 | H32: 2.95 | I32: =(H32*26.24%)+H32 -> 3.72408 | J32: =ROUND(F32*I32,2) -> 37.78 | K32: =ROUND(G32*I32,2) -> 37.8
A33: 4.3 | B33: 101616 | C33: SINAPI | D33: PREPARO DE FUNDO DE VALA COM LARGURA MENOR QUE 1,5 M (ACERTO DO SOLO NATURAL). AF_08/2020 | E33: M2 | F33: 7.95 | G33: =ROUND(F33,2) -> 7.95 | H33: 5.99 | I33: =(H33*26.24%)+H33 -> 7.561776 | J33: =ROUND(F33*I33,2) -> 60.12 | K33: =ROUND(G33*I33,2) -> 60.12
A34: 4.4 | B34: 93381 | C34: SINAPI | D34: REATERRO MECANIZADO DE VALA COM RETROESCAVADEIRA (CAPACIDADE DA CAÇAMBA DA RETRO: 0,26 M³/POTÊNCIA: 88 HP), LARGURA 0,8 A 1,5 M, PROFUNDIDADE 1,5 A 3,0 M, COM SOLO (SEM SUBSTITUIÇÃO) DE 1ª CATEGORIA E COMPACTADOR DE SOLOS DE PERCUSSÃO. AF_08/2023 | E34: M3 | F34: 20.8 | G34: =ROUND(F34,2) -> 20.8 | H34: 13.54 | I34: =(H34*26.24%)+H34 -> 17.092896 | J34: =ROUND(F34*I34,2) -> 355.53 | K34: =ROUND(G34*I34,2) -> 355.53
A35: 5.0 | D35: CONSTRUÇÃO CIVIL | L35: =ROUND(SUM(J36:J45),2) -> 224679.62 | M35: =ROUND(SUM(K37:K45),2) -> 223104.14
A36: 5.1 | B36: 97083 | C36: SINAPI | D36: COMPACTAÇÃO MECÂNICA DE SOLO PARA EXECUÇÃO DE RADIER, PISO DE CONCRETO OU LAJE SOBRE SOLO, COM COMPACTADOR DE SOLOS A PERCUSSÃO. AF_09/2021 | E36: M2 | F36: 400 | G36: =ROUND(F36,2) -> 400 | H36: 3.12 | I36: =(H36*26.24%)+H36 -> 3.938688 | J36: =ROUND(F36*I36,2) -> 1575.48 | K36: =ROUND(G36*I36,2) -> 1575.48
A37: 5.2 | B37: 103913 | C37: SINAPI | D37: EXECUÇÃO DE PISO INDUSTRIAL DE CONCRETO ARMADO, FCK = 20 MPA, ESPESSURA DE 12,0 CM. AF_04/2022 | E37: M2 | F37: 400 | G37: =ROUND(F37,2) -> 400 | H37: 158.44 | I37: =(H37*26.24%)+H37 -> 200.01466 | J37: =ROUND(F37*I37,2) -> 80005.86 | K37: =ROUND(G37*I37,2) -> 80005.86
A38: 5.3 | B38: 98575 | C38: SINAPI | D38: TRATAMENTO DE JUNTA DE DILATAÇÃO, COM TARUGO DE POLIETILENO E SELANTE PU, INCLUSO PREENCHIMENTO COM ESPUMA EXPANSIVA PU. AF_09/2023 | E38: M | F38: 85 | G38: =ROUND(F38,2) -> 85 | H38: 75.32 | I38: =(H38*26.24%)+H38 -> 95.083968 | J38: =ROUND(F38*I38,2) -> 8082.14 | K38: =ROUND(G38*I38,2) -> 8082.14
A39: 5.4 | B39: 103338 | C39: SINAPI | D39: ALVENARIA DE VEDAÇÃO DE BLOCOS VAZADOS DE CONCRETO APARENTE DE 14X19X39 CM (ESPESSURA 14 CM) E ARGAMASSA DE ASSENTAMENTO COM PREPARO EM BETONEIRA. AF_12/2021 | E39: M2 | F39: 545 | G39: =ROUND(F39,2) -> 545 | H39: 117.63 | I39: =(H39*26.24%)+H39 -> 148.49611 | J39: =ROUND(F39*I39,2) -> 80930.38 | K39: =ROUND(G39*I39,2) -> 80930.38
A40: 5.5 | B40: 94213 | C40: SINAPI | D40: TELHAMENTO COM TELHA DE AÇO/ALUMÍNIO E = 0,5 MM, COM ATÉ 2 ÁGUAS, INCLUSO IÇAMENTO. AF_07/2019 | E40: M2 | F40: 509 | G40: =ROUND(F40,2) -> 509 | H40: 59.97 | I40: =(H40*26.24%)+H40 -> 75.706128 | J40: =ROUND(F40*I40,2) -> 38534.42 | K40: =ROUND(G40*I40,2) -> 38534.42
A41: 5.6 | B41: 94228 | C41: SINAPI | D41: CALHA EM CHAPA DE AÇO GALVANIZADO NÚMERO 24, DESENVOLVIMENTO DE 50 CM, INCLUSO TRANSPORTE VERTICAL. AF_07/2019 | E41: M | F41: 60 | G41: =ROUND(F41,2) -> 60 | H41: 80.74 | I41: =(H41*26.24%)+H41 -> 101.92618 | J41: =ROUND(F41*I41,2) -> 6115.57 | K41: =ROUND(G41*I41,2) -> 6115.57
A42: 5.7 | B42: 100326 | C42: SINAPI | D42: CUMEEIRA NORMAL PARA TELHA TRAPEZOIDAL DE AÇO, E = 0,5 MM, INCLUSO ACESSÓRIOS DE FIXAÇÃO E IÇAMENTO. AF_07/2019 | E42: M | F42: 30 | G42: =ROUND(F42,2) -> 30 | H42: 17.24 | I42: =(H42*26.24%)+H42 -> 21.763776 | J42: =ROUND(F42*I42,2) -> 652.91 | K42: =ROUND(G42*I42,2) -> 652.91
A43: 5.8 | B43: 4911 | C43: SINAPI | D43: PORTA DE ENROLAR MANUAL COMPLETA, ARTICULADA RAIADA LARGA, EM ACO GALVANIZADO NATURAL, CHAPA NUMERO 24 (SEM INSTALACAO) | E43: M2 | F43: 21 | G43: =ROUND(F43,2) -> 21 | H43: 328.16 | I43: =(H43*26.24%)+H43 -> 414.26918 | J43: =ROUND(F43*I43,2) -> 8699.65 | K43: =ROUND(G43*I43,2) -> 8699.65
A44: 5.9 | B44: 88316 | C44: SINAPI | D44: SERVENTE COM ENCARGOS COMPLEMENTARES - PARA EXECUÇÃO E INSTALAÇÃO DA PORTA DE ENROLAR | E44: H | F44: 2 | G44: =ROUND(F44,2) -> 2 | H44: 19.85 | I44: =(H44*26.24%)+H44 -> 25.05864 | J44: =ROUND(F44*I44,2) -> 50.12 | K44: =ROUND(G44*I44,2) -> 50.12
A45: 5.10 | B45: 88309 | C45: SINAPI | D45: PEDREIRO COM ENCARGOS COMPLEMENTARES - PARA EXECUÇÃO E INSTALAÇÃO DA PORTA DE ENROLAR | E45: H | F45: 1 | G45: =ROUND(F45,2) -> 1 | H45: 26.21 | I45: =(H45*26.24%)+H45 -> 33.087504 | J45: =ROUND(F45*I45,2) -> 33.09 | K45: =ROUND(G45*I45,2) -> 33.09
A46: 6.0 | D46: FUNDAÇÃO - ESTRUTURAS DE CONCRETO ARMADO | L46: =ROUND(SUM(J47:J58),2) -> 81260.95 | M46: =ROUND(SUM(K47:K58),2) -> 81252.27
A47: 6.1 | B47: 96619 | C47: SINAPI | D47: LASTRO DE CONCRETO MAGRO, APLICADO EM BLOCOS DE COROAMENTO OU SAPATAS, ESPESSURA DE 5 CM. AF_01/2024 | E47: M2 | F47: 18.095 | G47: =ROUND(F47,2) -> 18.1 | H47: 53.37 | I47: =(H47*26.24%)+H47 -> 67.374288 | J47: =ROUND(F47*I47,2) -> 1219.14 | K47: =ROUND(G47*I47,2) -> 1219.47
A48: 6.2 | B48: 96535 | C48: SINAPI | D48: FABRICAÇÃO, MONTAGEM E DESMONTAGEM DE FÔRMA PARA SAPATA, EM MADEIRA SERRADA, E=25 MM, 4 UTILIZAÇÕES. AF_01/2024 | E48: M2 | F48: 41.28 | G48: =ROUND(F48,2) -> 41.28 | H48: 130.93 | I48: =(H48*26.24%)+H48 -> 165.28603 | J48: =ROUND(F48*I48,2) -> 6823.01 | K48: =ROUND(G48*I48,2) -> 6823.01
A49: 6.3 | B49: 92413 | C49: SINAPI | D49: MONTAGEM E DESMONTAGEM DE FÔRMA DE PILARES RETANGULARES E ESTRUTURAS SIMILARES, PÉ-DIREITO SIMPLES, EM MADEIRA SERRADA, 4 UTILIZAÇÕES. AF_09/2020 | E49: M2 | F49: 40.96 | G49: =ROUND(F49,2) -> 40.96 | H49: 101.58 | I49: =(H49*26.24%)+H49 -> 128.23459 | J49: =ROUND(F49*I49,2) -> 5252.49 | K49: =ROUND(G49*I49,2) -> 5252.49
A50: 6.4 | B50: 96536 | C50: SINAPI | D50: FABRICAÇÃO, MONTAGEM E DESMONTAGEM DE FÔRMA PARA VIGA BALDRAME, EM MADEIRA SERRADA, E=25 MM, 4 UTILIZAÇÕES. AF_01/2024 | E50: M2 | F50: 68.44 | G50: =ROUND(F50,2) -> 68.44 | H50: 67.42 | I50: =(H50*26.24%)+H50 -> 85.111008 | J50: =ROUND(F50*I50,2) -> 5825 | K50: =ROUND(G50*I50,2) -> 5825
A51: 6.5 | B51: 104919 | C51: SINAPI | D51: ARMAÇÃO DE SAPATA ISOLADA, VIGA BALDRAME E SAPATA CORRIDA UTILIZANDO AÇO CA-50 DE 10 MM - MONTAGEM. AF_01/2024 | E51: KG | F51: =(952.2*0.617)+(256*0.617) -> 745.4594 | G51: =ROUND(F51,2) -> 745.46 | H51: 14.72 | I51: =(H51*26.24%)+H51 -> 18.582528 | J51: =ROUND(F51*I51,2) -> 13852.52 | K51: =ROUND(G51*I51,2) -> 13852.53
A52: 6.6 | B52: 92763 | C52: SINAPI | D52: ARMAÇÃO DE PILAR OU VIGA DE ESTRUTURA CONVENCIONAL DE CONCRETO ARMADO UTILIZANDO AÇO CA-50 DE 12,5 MM - MONTAGEM. AF_06/2022 | E52: KG | F52: =207.4*0.963 -> 199.7262 | G52: =ROUND(F52,2) -> 199.73 | H52: 11.12 | I52: =(H52*26.24%)+H52 -> 14.037888 | J52: =ROUND(F52*I52,2) -> 2803.73 | K52: =ROUND(G52*I52,2) -> 2803.79
A53: 6.7 | B53: 92759 | C53: SINAPI | D53: ARMAÇÃO DE PILAR OU VIGA DE ESTRUTURA CONVENCIONAL DE CONCRETO ARMADO UTILIZANDO AÇO CA-60 DE 5,0 MM - MONTAGEM. AF_06/2022 | E53: KG | F53: =572.8*0.154 -> 88.2112 | G53: =ROUND(F53,2) -> 88.21 | H53: 15.79 | I53: =(H53*26.24%)+H53 -> 19.933296 | J53: =ROUND(F53*I53,2) -> 1758.34 | K53: =ROUND(G53*I53,2) -> 1758.32
A54: 6.8 | B54: 104920 | C54: SINAPI | D54: ARMAÇÃO DE BLOCO, SAPATA ISOLADA, VIGA BALDRAME E SAPATA CORRIDA UTILIZANDO AÇO CA-50 DE 12,5 MM - MONTAGEM. AF_01/2024 | E54: KG | F54: =(153*0.963) -> 147.339 | G54: =ROUND(F54,2) -> 147.34 | H54: 12.55 | I54: =(H54*26.24%)+H54 -> 15.84312 | J54: =ROUND(F54*I54,2) -> 2334.31 | K54: =ROUND(G54*I54,2) -> 2334.33
A55: 6.9 | B55: 104921 | C55: SINAPI | D55: ARMAÇÃO DE BLOCO, SAPATA ISOLADA, VIGA BALDRAME E SAPATA CORRIDA UTILIZANDO AÇO CA-50 DE 16 MM - MONTAGEM. AF_01/2024 | E55: KG | F55: =(48*1.578) -> 75.744 | G55: =ROUND(F55,2) -> 75.74 | H55: 11.95 | I55: =(H55*26.24%)+H55 -> 15.08568 | J55: =ROUND(F55*I55,2) -> 1142.65 | K55: =ROUND(G55*I55,2) -> 1142.59
A56: 6.10 | B56: 104916 | C56: SINAPI | D56: ARMAÇÃO DE SAPATA ISOLADA, VIGA BALDRAME E SAPATA CORRIDA UTILIZANDO AÇO CA-60 DE 5 MM - MONTAGEM. AF_01/2024 | E56: KG | F56: 59.4 | G56: =ROUND(F56,2) -> 59.4 | H56: 18.26 | I56: =(H56*26.24%)+H56 -> 23.051424 | J56: =ROUND(F56*I56,2) -> 1369.25 | K56: =ROUND(G56*I56,2) -> 1369.25
A57: 6.11 | B57: 96558 | C57: SINAPI | D57: CONCRETAGEM DE SAPATA, FCK 30 MPA, COM USO DE BOMBA - LANÇAMENTO, ADENSAMENTO E ACABAMENTO.AF_01/2024 | E57: M3 | F57: =16.28+4.032 -> 20.312 | G57: =ROUND(F57,2) -> 20.31 | H57: 1219.41 | I57: =(H57*26.24%)+H57 -> 1539.3832 | J57: =ROUND(F57*I57,2) -> 31267.95 | K57: =ROUND(G57*I57,2) -> 31264.87
A58: 6.12 | B58: 96557 | C58: SINAPI | D58: CONCRETAGEM DE BLOCO DE COROAMENTO OU VIGA BALDRAME, FCK 30 MPA, COM USO DE BOMBA - LANÇAMENTO, ADENSAMENTO E ACABAMENTO. AF_01/2024 | E58: M3 | F58: =(85.4*0.15*0.4) -> 5.124 | G58: =ROUND(F58,2) -> 5.12 | H58: 1176.86 | I58: =(H58*26.24%)+H58 -> 1485.6681 | J58: =ROUND(F58*I58,2) -> 7612.56 | K58: =ROUND(G58*I58,2) -> 7606.62
A59: 7.0 | D59: ESTRUTURAS METÁLICAS | L59: =ROUND(SUM(J60:J64),2) -> 249560.38 | M59: =ROUND(SUM(K60:K64),2) -> 249560.38
A60: 7.1 | B60: 09.30.05 | C60: EMBASA | D60: FABRICACAO E MONTAGEM DE ESTRUTURA METALICA, INCLUINDO PRIMER ANTI-CORROSIVO,SEM FORNECIMENTODE MATERIAL | E60: KG | F60: 5858.12 | G60: =ROUND(F60,2) -> 5858.12 | H60: 10.13 | I60: =(H60*26.24%)+H60 -> 12.788112 | J60: =ROUND(F60*I60,2) -> 74914.29 | K60: =ROUND(G60*I60,2) -> 74914.29
A61: 7.2 | B61: 43082 | C61: SINAPI | D61: PERFIL "I" OU "W" EM ACO LAMINADO, QUAISQUER DIMENSOES | E61: KG | F61: =4789.8+72.7 -> 4862.5 | G61: =ROUND(F61,2) -> 4862.5 | H61: 10 | I61: =(H61*26.24%)+H61 -> 12.624 | J61: =ROUND(F61*I61,2) -> 61384.2 | K61: =ROUND(G61*I61,2) -> 61384.2
A62: 7.3 | B62: 901000140 | C62: AGESUL | D62: ESTRUTURA TRELICADA DE COBERTURA, TIPO FINK, COM LIGACOES SOLDADAS, INCLUSOS PERFIS METALICOS, CHAPAS METALICAS, MAO DE OBRA E TRANSPORTE COM GUINDASTE - FORNECIMENTO E INSTALACAO | E62: KG | F62: 5303.39 | G62: =ROUND(F62,2) -> 5303.39 | H62: 13.5 | I62: =(H62*26.24%)+H62 -> 17.0424 | J62: =ROUND(F62*I62,2) -> 90382.49 | K62: =ROUND(G62*I62,2) -> 90382.49
A63: 7.4 | B63: 100726 | C63: SINAPI | D63: PINTURA COM TINTA ALQUÍDICA DE FUNDO E ACABAMENTO (ESMALTE SINTÉTICO GRAFITE) APLICADA A ROLO OU PINCEL SOBRE SUPERFÍCIES METÁLICAS (EXCETO PERFIL) EXECUTADO EM OBRA (POR DEMÃO). AF_01/2020 | E63: M2 | F63: 298.56 | G63: =ROUND(F63,2) -> 298.56 | H63: 25.95 | I63: =(H63*26.24%)+H63 -> 32.75928 | J63: =ROUND(F63*I63,2) -> 9780.61 | K63: =ROUND(G63*I63,2) -> 9780.61
A64: 7.5 | B64: M1378 | C64: SICRO3 | D64: CHAPA GROSSA EM AÇO ASTM A36 | E64: KG | F64: 1098 | G64: =ROUND(F64,2) -> 1098 | H64: 9.45 | I64: =(H64*26.24%)+H64 -> 11.92968 | J64: =ROUND(F64*I64,2) -> 13098.79 | K64: =ROUND(G64*I64,2) -> 13098.79
A65: 8.0 | D65: SERVIÇOS DIVERSOS | L65: =ROUND(SUM(J66:J67),2) -> 17369.94 | M65: =ROUND(SUM(K66:K67),2) -> 17369.94
A66: 8.1 | B66: 98557 | C66: SINAPI | D66: IMPERMEABILIZAÇÃO DE SUPERFÍCIE COM EMULSÃO ASFÁLTICA, 2 DEMÃOS. AF_09/2023 | E66: M2 | F66: 211.22 | G66: =ROUND(F66,2) -> 211.22 | H66: 53.08 | I66: =(H66*26.24%)+H66 -> 67.008192 | J66: =ROUND(F66*I66,2) -> 14153.47 | K66: =ROUND(G66*I66,2) -> 14153.47
A67: 8.2 | B67: 10527 | C67: SINAPI | D67: LOCACAO DE ANDAIME METALICO TUBULAR DE ENCAIXE, TIPO DE TORRE, CADA PAINEL COM LARGURA DE 1 ATE 1,5 M E ALTURA DE *1,00* M, INCLUINDO DIAGONAL, BARRAS DE LIGACAO, SAPATAS OU RODIZIOS E DEMAIS ITENS NECESSARIOS A MONTAGEM (NAO INCLUI INSTALACAO) | E67: MXMES | F67: =(30*3) -> 90 | G67: =ROUND(F67,2) -> 90 | H67: 28.31 | I67: =(H67*26.24%)+H67 -> 35.738544 | J67: =ROUND(F67*I67,2) -> 3216.47 | K67: =ROUND(G67*I67,2) -> 3216.47
A68: 9.0 | D68: INSTALAÇÃO ELÉTRICA | L68: =ROUND(SUM(J69:J85),2) -> 9856.08 | M68: =ROUND(SUM(K69:K87),2) -> 24717.05
A69: 9.1 | B69: 88264 | C69: SINAPI | D69: ELETRICISTA COM ENCARGOS COMPLEMENTARES | E69: H | F69: 20 | G69: =ROUND(F69,2) -> 20 | H69: 26.59 | I69: =(H69*26.24%)+H69 -> 33.567216 | J69: =ROUND(F69*I69,2) -> 671.34 | K69: =ROUND(G69*I69,2) -> 671.34
A70: 9.2 | B70: 88247 | C70: SINAPI | D70: AUXILIAR DE ELETRICISTA COM ENCARGOS COMPLEMENTARES | E70: H | F70: 40 | G70: =ROUND(F70,2) -> 40 | H70: 22.36 | I70: =(H70*26.24%)+H70 -> 28.227264 | J70: =ROUND(F70*I70,2) -> 1129.09 | K70: =ROUND(G70*I70,2) -> 1129.09
A71: 9.3 | B71: 1022 | C71: SINAPI | D71: CABO DE COBRE, FLEXIVEL, CLASSE 4 OU 5, ISOLACAO EM PVC/A, ANTICHAMA BWF-B, COBERTURA PVC-ST1, ANTICHAMA BWF-B, 1 CONDUTOR, 0,6/1 KV, SECAO NOMINAL 2,5 MM2 | E71: M | F71: 520 | G71: =ROUND(F71,2) -> 520 | H71: 3.33 | I71: =(H71*26.24%)+H71 -> 4.203792 | J71: =ROUND(F71*I71,2) -> 2185.97 | K71: =ROUND(G71*I71,2) -> 2185.97
A72: 9.4 | B72: 38069 | C72: SINAPI | D72: INTERRUPTOR SIMPLES + INTERRUPTOR PARALELO 10A, 250V, CONJUNTO MONTADO PARA EMBUTIR 4" X 2" (PLACA + SUPORTE + MODULOS) | E72: UN | F72: 1 | G72: =ROUND(F72,2) -> 1 | H72: 17.88 | I72: =(H72*26.24%)+H72 -> 22.571712 | J72: =ROUND(F72*I72,2) -> 22.57 | K72: =ROUND(G72*I72,2) -> 22.57
A73: 9.5 | B73: 12147 | C73: SINAPI | D73: TOMADA 2P+T 10A, 250V, CONJUNTO MONTADO PARA SOBREPOR 4" X 2" (CAIXA + MODULO) | E73: UN | F73: 4 | G73: =ROUND(F73,2) -> 4 | H73: 16.01 | I73: =(H73*26.24%)+H73 -> 20.211024 | J73: =ROUND(F73*I73,2) -> 80.84 | K73: =ROUND(G73*I73,2) -> 80.84
A74: 9.6 | B74: 34653 | C74: SINAPI | D74: DISJUNTOR TERMOMAGNETICO PARA TRILHO DIN (IEC), MONOPOLAR, 6 - 32 A | E74: UN | F74: 2 | G74: =ROUND(F74,2) -> 2 | H74: 10.03 | I74: =(H74*26.24%)+H74 -> 12.661872 | J74: =ROUND(F74*I74,2) -> 25.32 | K74: =ROUND(G74*I74,2) -> 25.32
A75: 9.7 | B75: 34686 | C75: SINAPI | D75: DISJUNTOR TERMOMAGNETICO PARA TRILHO DIN (IEC), MONOPOLAR, 40 - 50 A | E75: UN | F75: 1 | G75: =ROUND(F75,2) -> 1 | H75: 14.88 | I75: =(H75*26.24%)+H75 -> 18.784512 | J75: =ROUND(F75*I75,2) -> 18.78 | K75: =ROUND(G75*I75,2) -> 18.78
A76: 9.8 | B76: 39465 | C76: SINAPI | D76: DISPOSITIVO DPS CLASSE II, 1 POLO, TENSAO MAXIMA DE 175 V, CORRENTE MAXIMA DE *20* KA (TIPO AC) | E76: UN | F76: 1 | G76: =ROUND(F76,2) -> 1 | H76: 75.11 | I76: =(H76*26.24%)+H76 -> 94.818864 | J76: =ROUND(F76*I76,2) -> 94.82 | K76: =ROUND(G76*I76,2) -> 94.82
A77: 9.9 | B77: 39445 | C77: SINAPI | D77: DISPOSITIVO DR, 2 POLOS, SENSIBILIDADE DE 30 MA, CORRENTE DE 25 A, TIPO AC | E77: UN | F77: 3 | G77: =ROUND(F77,2) -> 3 | H77: 154.55 | I77: =(H77*26.24%)+H77 -> 195.10392 | J77: =ROUND(F77*I77,2) -> 585.31 | K77: =ROUND(G77*I77,2) -> 585.31
A78: 9.10 | B78: 00021136/SINAP | C78: ORSE | D78: ELETRODUTO EM ACO GALVANIZADO ELETROLITICO, LEVE, DIAMETRO 1", PAREDE DE 0,90MM | E78: M | F78: 120 | G78: =ROUND(F78,2) -> 120 | H78: 7.53 | I78: =(H78*26.24%)+H78 -> 9.505872 | J78: =ROUND(F78*I78,2) -> 1140.7 | K78: =ROUND(G78*I78,2) -> 1140.7
A79: 9.11 | B79: 2581 | C79: SINAPI | D79: CONDULETE DE ALUMINIO TIPO X, PARA ELETRODUTO ROSCAVEL DE 1", COM TAMPA CEGA | E79: UN | F79: 19 | G79: =ROUND(F79,2) -> 19 | H79: 22.32 | I79: =(H79*26.24%)+H79 -> 28.176768 | J79: =ROUND(F79*I79,2) -> 535.36 | K79: =ROUND(G79*I79,2) -> 535.36
A80: 9.12 | B80: 39800 | C80: SINAPI | D80: QUADRO DE DISTRIBUICAO, SEM BARRAMENTO, EM PVC, DE SOBREPOR, PARA 6 DISJUNTORES NEMA OU 8 DISJUNTORES DIN | E80: UN | F80: 1 | G80: =ROUND(F80,2) -> 1 | H80: 88.16 | I80: =(H80*26.24%)+H80 -> 111.29318 | J80: =ROUND(F80*I80,2) -> 111.29 | K80: =ROUND(G80*I80,2) -> 111.29
A81: 9.13 | B81: 41474 | C81: SINAPI | D81: CAIXA DE INSPECAO PARA ATERRAMENTO OU OUTRO USO, EM PVC, DN = 300 X *300* MM (INCLUIDA TAMPA EM FERRO FUNDIDO SEM ESCOTILHA) | E81: UN | F81: 1 | G81: =ROUND(F81,2) -> 1 | H81: 90.04 | I81: =(H81*26.24%)+H81 -> 113.6665 | J81: =ROUND(F81*I81,2) -> 113.67 | K81: =ROUND(G81*I81,2) -> 113.67
A82: 9.14 | B82: 425 | C82: SINAPI | D82: GRAMPO METALICO TIPO OLHAL PARA HASTE DE ATERRAMENTO DE 5/8", CONDUTOR DE *10* A 50 MM2 | E82: UN | F82: 1 | G82: =ROUND(F82,2) -> 1 | H82: 7.39 | I82: =(H82*26.24%)+H82 -> 9.329136 | J82: =ROUND(F82*I82,2) -> 9.33 | K82: =ROUND(G82*I82,2) -> 9.33
A83: 9.15 | B83: 857 | C83: SINAPI | D83: CABO DE COBRE NU 16 MM2 MEIO-DURO | E83: M | F83: 1 | G83: =ROUND(F83,2) -> 1 | H83: 22.1 | I83: =(H83*26.24%)+H83 -> 27.89904 | J83: =ROUND(F83*I83,2) -> 27.9 | K83: =ROUND(G83*I83,2) -> 27.9
A84: 9.16 | B84: 3379 | C84: SINAPI | D84: HASTE DE ATERRAMENTO EM ACO COM 3,00 M DE COMPRIMENTO E DN = 5/8", REVESTIDA COM BAIXA CAMADA DE COBRE, SEM CONECTOR | E84: UN | F84: 1 | G84: =ROUND(F84,2) -> 1 | H84: 77.96 | I84: =(H84*26.24%)+H84 -> 98.416704 | J84: =ROUND(F84*I84,2) -> 98.42 | K84: =ROUND(G84*I84,2) -> 98.42
A85: 9.17 | B85: MATED-22213 | C85: SETOP | D85: LUMINÁRIA PÚBLICA (TIPO: LED|POTÊNCIA: 300W|LÚMENS: 33000LM|COR DA LUZ: BRANCA|TEMPERATURA DA COR: 6000K-6500K|GRAU DE PROTEÇÃO: IP66|TENSÃO: 127/220V) | E85: UN | F85: 12 | G85: =ROUND(F85,2) -> 12 | H85: 198.39 | I85: =(H85*26.24%)+H85 -> 250.44754 | J85: =ROUND(F85*I85,2) -> 3005.37 | K85: =ROUND(G85*I85,2) -> 3005.37
A86: 10.0 | D86: LIMPEZA FINAL DE OBRA | L86: =ROUND(SUM(J87),2) -> 14860.97 | M86: =ROUND(SUM(K87),2) -> 14860.97
A87: 10.1 | B87: 210023 | C87: SBC | D87: LIMPEZA FINAL DE OBRAS | E87: M2 | F87: 400 | G87: =ROUND(F87,2) -> 400 | H87: 29.43 | I87: =(H87*26.24%)+H87 -> 37.152432 | J87: =ROUND(F87*I87,2) -> 14860.97 | K87: =ROUND(G87*I87,2) -> 14860.97
A88: VALOR UNITÁRIO COM BDI | J88: =SUM(J14:J87) -> 729485.1
A89: VALOR GLOBAL COM BDI | J89: =ROUND((J88),2) -> 729485.1

Sheet CURVA ABC
A1: ITEM | B1: CÓDIGO | C1: FONTE | D1: DESCRIÇÃO DOS SERVIÇOS | E1: UND. | F1: QUANT. | G1: PREÇO UNITÁRIO S/BDI | H1: PREÇO UNITÁRIO C/ BDI | I1: PREÇO TOTAL C/ BDI | J1: PORCENTAGEM INDIVIDUAL
A2: 7.6.1 | B2: 104314 | C2: SINAPI | D2: TRAMA DE AÇO COMPOSTA POR TERÇAS PARA TELHADOS DE ATÉ 2 ÁGUAS PARA TELHA ONDULADA DE FIBROCIMENTO, METÁLICA, PLÁSTICA OU TERMOACÚSTICA, INCLUSO TRANSPORTE VERTICAL (EM KG). AF_07/2019 | E2: KG | F2: 16805.58 | G2: 10.75 | H2: =(G2*26.24%)+G2 -> 13.5708 | I2: =ROUND(F2*H2,2) -> 228065.17 | J2: =I2/$I$248 -> 7.0759768
A3: 7.5.6 | B3: 101747 | C3: SINAPI | D3: PISO EM CONCRETO 20 MPA PREPARO MECÂNICO, ESPESSURA 7CM. AF_09/2020 | E3: M2 | F3: 619 | G3: 118.47 | H3: =(G3*26.24%)+G3 -> 149.55653 | I3: =ROUND(F3*H3,2) -> 92575.49 | J3: =I3/$I$248 -> 2.872258
A4: 10.6 | B4: 94213 | C4: SINAPI | D4: TELHAMENTO COM TELHA DE AÇO/ALUMÍNIO E = 0,5 MM, COM ATÉ 2 ÁGUAS, INCLUSO IÇAMENTO. AF_07/2019 | E4: M2 | F4: =0.72+562.5+187.5 -> 750.72 | G4: 65.01 | H4: =(G4*26.24%)+G4 -> 82.068624 | I4: =ROUND(F4*H4,2) -> 61610.56 | J4: =I4/$I$248 -> 1.9115365 | K4: 1526415.8
A5: 12.2 | B5: 87535 | C5: SINAPI | D5: EMBOÇO, EM ARGAMASSA TRAÇO 1:2:8, PREPARO MECÂNICO, APLICADO MANUALMENTE EM PAREDES INTERNAS DE AMBIENTES COM ÁREA MAIOR QUE 10M², E = 17,5MM, COM TALISCAS. AF_03/2024 | E5: M2 | F5: 1032.57 | G5: 35.39 | H5: =(G5*26.24%)+G5 -> 44.676336 | I5: =ROUND(F5*H5,2) -> 46131.44 | J5: =I5/$I$248 -> 1.4312795 | K5: =K4-#REF! -> #REF!
A6: 13.3 | B6: 87632 | C6: SINAPI | D6: CONTRAPISO EM ARGAMASSA TRAÇO 1:4 (CIMENTO E AREIA), PREPARO MANUAL, APLICADO EM ÁREAS SECAS SOBRE LAJE, ADERIDO, ACABAMENTO NÃO REFORÇADO, ESPESSURA 3CM. AF_07/2021 | E6: M2 | F6: 619 | G6: 54.78 | H6: =(G6*26.24%)+G6 -> 69.154272 | I6: =ROUND(F6*H6,2) -> 42806.49 | J6: =I6/$I$248 -> 1.3281192
A7: 4.3 | B7: 90777 | C7: SINAPI | D7: ENGENHEIRO CIVIL DE OBRA JUNIOR COM ENCARGOS COMPLEMENTARES | E7: H | F7: 240 | G7: 136.41 | H7: =(G7*26.24%)+G7 -> 172.20398 | I7: =ROUND(F7*H7,2) -> 41328.96 | J7: =I7/$I$248 -> 1.2822772
A8: 10.5 | B8: 170099 | C8: SBC | D8: CANTONEIRA (ABAS IGUAIS) EM FERRO GALVANIZADO, 50,8mmx9,53mm | E8: M | F8: 298 | G8: 102.71 | H8: =(G8*26.24%)+G8 -> 129.6611 | I8: =ROUND(F8*H8,2) -> 38639.01 | J8: =I8/$I$248 -> 1.1988185
A9: 4.2 | B9: 93572 | C9: SINAPI | D9: ENCARREGADO GERAL DE OBRAS COM ENCARGOS COMPLEMENTARES | E9: MÊS | F9: =3*2 -> 6 | G9: 5045.37 | H9: =(G9*26.24%)+G9 -> 6369.2751 | I9: =ROUND(F9*H9,2) -> 38215.65 | J9: =I9/$I$248 -> 1.1856832
A10: 8.3.1 | B10: 102253 | C10: SINAPI | D10: DIVISORIA SANITÁRIA, TIPO CABINE, EM GRANITO CINZA POLIDO, ESP = 3CM, ASSENTADO COM ARGAMASSA COLANTE AC III-E, EXCLUSIVE FERRAGENS. AF_01/2021 | E10: M2 | F10: 25.43 | G10: 1160.01 | H10: =(G10*26.24%)+G10 -> 1464.3966 | I10: =ROUND(F10*H10,2) -> 37239.61 | J10: =I10/$I$248 -> 1.1554005
A11: 21.3 | B11: 96974 | C11: SINAPI | D11: CORDOALHA DE COBRE NU 50 MM², NÃO ENTERRADA, COM ISOLADOR - FORNECIMENTO E INSTALAÇÃO. AF_08/2023 | E11: M | F11: 255 | G11: 102.71 | H11: =(G11*26.24%)+G11 -> 129.6611 | I11: =ROUND(F11*H11,2) -> 33063.58 | J11: =I11/$I$248 -> 1.0258345
A12: 12.3 | B12: 87543 | C12: SINAPI | D12: MASSA ÚNICA, EM ARGAMASSA INDUSTRIALIZADA, PREPARO MECÂNICO, APLICADA COM EQUIPAMENTO DE MISTURA E PROJEÇÃO DE ARGAMASSA EM PAREDES INTERNAS, E = 5MM, SEM TALISCAS. AF_03/2024 | E12: M2 | F12: 897.78 | G12: 28.8 | H12: =(G12*26.24%)+G12 -> 36.35712 | I12: =ROUND(F12*H12,2) -> 32640.7 | J12: =I12/$I$248 -> 1.0127142
A13: 4.1 | B13: 93563 | C13: SINAPI | D13: ALMOXARIFE COM ENCARGOS COMPLEMENTARES | E13: MÊS | F13: =3*2 -> 6 | G13: 4284.85 | H13: =(G13*26.24%)+G13 -> 5409.1946 | I13: =ROUND(F13*H13,2) -> 32455.17 | J13: =I13/$I$248 -> 1.0069579
A14: 8.2.1 | B14: 103322 | C14: SINAPI | D14: ALVENARIA DE VEDAÇÃO DE BLOCOS CERÂMICOS FURADOS NA VERTICAL DE 9X19X39 CM (ESPESSURA 9 CM) E ARGAMASSA DE ASSENTAMENTO COM PREPARO EM BETONEIRA. AF_12/2021 | E14: M2 | F14: 395.31 | G14: 63.46 | H14: =(G14*26.24%)+G14 -> 80.111904 | I14: =ROUND(F14*H14,2) -> 31669.04 | J14: =I14/$I$248 -> 0.98256736
A15: 6.1.1 | B15: 100896 | C15: SINAPI | D15: ESTACA ESCAVADA MECANICAMENTE, SEM FLUIDO ESTABILIZANTE, COM 25CM DE DIÂMETRO, CONCRETO LANÇADO POR CAMINHÃO BETONEIRA (EXCLUSIVE MOBILIZAÇÃO E DESMOBILIZAÇÃO). AF_01/2020_PA | E15: M | F15: 270 | G15: 82.84 | H15: =(G15*26.24%)+G15 -> 104.57722 | I15: =ROUND(F15*H15,2) -> 28235.85 | J15: =I15/$I$248 -> 0.8760488
A16: 3.10 | B16: * | C16: SICRO3 | D16: MOBILIZAÇÃO E DESMOBILIZAÇÃO | E16: KM | F16: =(101+36.1+23.5/3)+1 -> 145.93333 | G16: =CPUs!I17 -> 149.69817 | H16: =(G16*26.24%)+G16 -> 188.97897 | I16: =ROUND(F16*H16,2) -> 27578.33 | J16: =I16/$I$248 -> 0.85564851 | K16: =2*5*4*6 -> 240
A17: 8.1.1 | B17: 101161 | C17: SINAPI | D17: ALVENARIA DE VEDAÇÃO COM ELEMENTO VAZADO DE CONCRETO (COBOGÓ) DE 7X50X50CM E ARGAMASSA DE ASSENTAMENTO COM PREPARO EM BETONEIRA. AF_05/2020 | E17: M2 | F17: 84.2 | G17: 247.42 | H17: =(G17*26.24%)+G17 -> 312.34301 | I17: =ROUND(F17*H17,2) -> 26299.28 | J17: =I17/$I$248 -> 0.81596455
A18: 6.1.9 | B18: 96557 | C18: SINAPI | D18: CONCRETAGEM DE BLOCO DE COROAMENTO OU VIGA BALDRAME, FCK 30 MPA, COM USO DE BOMBA - LANÇAMENTO, ADENSAMENTO E ACABAMENTO. AF_01/2024 | E18: M3 | F18: 16.96 | G18: 1177.65 | H18: =(G18*26.24%)+G18 -> 1486.6654 | I18: =ROUND(F18*H18,2) -> 25213.84 | J18: =I18/$I$248 -> 0.78228756
A19: 20.4.5 | B19: 92988 | C19: SINAPI | D19: CABO DE COBRE FLEXÍVEL ISOLADO, 50 MM², ANTI-CHAMA 0,6/1,0 KV, PARA REDE ENTERRADA DE DISTRIBUIÇÃO DE ENERGIA ELÉTRICA - FORNECIMENTO E INSTALAÇÃO. AF_12/2021 | E19: M | F19: 231.5 | G19: 67.7 | H19: =(G19*26.24%)+G19 -> 85.46448 | I19: =ROUND(F19*H19,2) -> 19785.03 | J19: =I19/$I$248 -> 0.61385267
A20: 7.5.3 | B20: 96622 | C20: SINAPI | D20: LASTRO COM MATERIAL GRANULAR, APLICADO EM PISOS OU LAJES SOBRE SOLO, ESPESSURA DE *5 CM*. AF_01/2024 | E20: M3 | F20: 30.95 | G20: 483.3 | H20: =(G20*26.24%)+G20 -> 610.11792 | I20: =ROUND(F20*H20,2) -> 18883.15 | J20: =I20/$I$248 -> 0.58587083
A21: 7.4.1 | B21: 101964 | C21: SINAPI | D21: LAJE PRÉ-MOLDADA UNIDIRECIONAL, BIAPOIADA, PARA FORRO, ENCHIMENTO EM CERÂMICA, VIGOTA CONVENCIONAL, ALTURA TOTAL DA LAJE (ENCHIMENTO+CAPA) = (8+3). AF_11/2020_PA | E21: M2 | F21: 80.74 | G21: 181.81 | H21: =(G21*26.24%)+G21 -> 229.51694 | I21: =ROUND(F21*H21,2) -> 18531.2 | J21: =I21/$I$248 -> 0.57495119
A22: 14.7 | B22: 102491 | C22: SINAPI | D22: PINTURA DE PISO COM TINTA ACRÍLICA, APLICAÇÃO MANUAL, 2 DEMÃOS, INCLUSO FUNDO PREPARADOR. AF_05/2021 | E22: M2 | F22: 659.8 | G22: 21.04 | H22: =(G22*26.24%)+G22 -> 26.560896 | I22: =ROUND(F22*H22,2) -> 17524.88 | J22: =I22/$I$248 -> 0.54372899
A23: 7.1.6 | B23: 103672 | C23: SINAPI | D23: CONCRETAGEM DE PILARES, FCK = 25 MPA, COM USO DE BOMBA - LANÇAMENTO, ADENSAMENTO E ACABAMENTO. AF_02/2022_PS | E23: M3 | F23: 12.92 | G23: 1047.6 | H23: =(G23*26.24%)+G23 -> 1322.4902 | I23: =ROUND(F23*H23,2) -> 17086.57 | J23: =I23/$I$248 -> 0.53012993
A24: 14.5 | B24: 100739 | C24: SINAPI | D24: PINTURA COM TINTA ALQUÍDICA DE ACABAMENTO (ESMALTE SINTÉTICO ACETINADO) PULVERIZADA SOBRE PERFIL METÁLICO EXECUTADO EM FÁBRICA (POR DEMÃO). AF_01/2020_PE | E24: M2 | F24: =712.79+187.5+19.32+16.44+562.5 -> 1498.55 | G24: 8.65 | H24: =(G24*26.24%)+G24 -> 10.91976 | I24: =ROUND(F24*H24,2) -> 16363.81 | J24: =I24/$I$248 -> 0.50770549
A25: 7.5.5 | B25: 97088 | C25: SINAPI | D25: ARMAÇÃO PARA EXECUÇÃO DE RADIER, PISO DE CONCRETO OU LAJE SOBRE SOLO, COM USO DE TELA Q-92. AF_09/2021 | E25: KG | F25: 916.12 | G25: 13.72 | H25: =(G25*26.24%)+G25 -> 17.320128 | I25: =ROUND(F25*H25,2) -> 15867.32 | J25: =I25/$I$248 -> 0.49230133
A26: 14.4 | B26: 88489 | C26: SINAPI | D26: PINTURA LÁTEX ACRÍLICA PREMIUM, APLICAÇÃO MANUAL EM PAREDES, DUAS DEMÃOS. AF_04/2023 | E26: M2 | F26: =445.41+307.09+145.28 -> 897.78 | G26: 13.59 | H26: =(G26*26.24%)+G26 -> 17.156016 | I26: =ROUND(F26*H26,2) -> 15402.33 | J26: =I26/$I$248 -> 0.4778745
A27: 1.1 | B27: 90778 | C27: SINAPI | D27: ENGENHEIRO CIVIL DE OBRA PLENO COM ENCARGOS COMPLEMENTARES | E27: H | F27: =32*2.5 -> 80 | G27: 143.07 | H27: =(G27*26.24%)+G27 -> 180.61157 | I27: =ROUND(F27*H27,2) -> 14448.93 | J27: =I27/$I$248 -> 0.4482942
A28: 14.6 | B28: 100724 | C28: SINAPI | D28: PINTURA COM TINTA ALQUÍDICA DE FUNDO E ACABAMENTO (ESMALTE SINTÉTICO GRAFITE) APLICADA A ROLO OU PINCEL SOBRE PERFIL METÁLICO EXECUTADO EM FÁBRICA (POR DEMÃO). AF_01/2020 | E28: M2 | F28: 921.8 | G28: 11.99 | H28: =(G28*26.24%)+G28 -> 15.136176 | I28: =ROUND(F28*H28,2) -> 13952.53 | J28: =I28/$I$248 -> 0.43289283
A29: 12.5 | B29: 104615 | C29: SINAPI | D29: REVESTIMENTO CERÂMICO PARA PAREDES INTERNAS COM PLACAS TIPO PASTILHA DE DIMENSÕES 5 X 5 CM (PLACAS DE 30 X 30 CM) CM APLICADAS NA ALTURA INTEIRA DAS PAREDES. AF_02/2023 | E29: M2 | F29: =12.02+11.45+7.8 -> 31.27 | G29: 344.28 | H29: =(G29*26.24%)+G29 -> 434.61907 | I29: =ROUND(F29*H29,2) -> 13590.54 | J29: =I29/$I$248 -> 0.42166169
A30: 7.2.7 | B30: 103675 | C30: SINAPI | D30: CONCRETAGEM DE VIGAS E LAJES, FCK=25 MPA, PARA LAJES MACIÇAS OU NERVURADAS COM USO DE BOMBA - LANÇAMENTO, ADENSAMENTO E ACABAMENTO. AF_02/2022_PS | E30: M3 | F30: 10.14 | G30: 1048.7 | H30: =(G30*26.24%)+G30 -> 1323.8789 | I30: =ROUND(F30*H30,2) -> 13424.13 | J30: =I30/$I$248 -> 0.41649863
A31: 7.1.1 | B31: 92443 | C31: SINAPI | D31: MONTAGEM E DESMONTAGEM DE FÔRMA DE PILARES RETANGULARES E ESTRUTURAS SIMILARES, PÉ-DIREITO SIMPLES, EM CHAPA DE MADEIRA COMPENSADA PLASTIFICADA, 18 UTILIZAÇÕES. AF_09/2020 | E31: M2 | F31: 182.4 | G31: 55.14 | H31: =(G31*26.24%)+G31 -> 69.608736 | I31: =ROUND(F31*H31,2) -> 12696.63 | J31: =I31/$I$248 -> 0.39392713
A32: 7.2.1 | B32: 92443 | C32: SINAPI | D32: MONTAGEM E DESMONTAGEM DE FÔRMA DE PILARES RETANGULARES E ESTRUTURAS SIMILARES, PÉ-DIREITO SIMPLES, EM CHAPA DE MADEIRA COMPENSADA PLASTIFICADA, 18 UTILIZAÇÕES. AF_09/2020 | E32: M2 | F32: 169.88 | G32: 55.14 | H32: =(G32*26.24%)+G32 -> 69.608736 | I32: =ROUND(F32*H32,2) -> 11825.13 | J32: =I32/$I$248 -> 0.36688787
A33: 9.3.1 | B33: 91341 | C33: SINAPI | D33: PORTA EM ALUMÍNIO DE ABRIR TIPO VENEZIANA COM GUARNIÇÃO, FIXAÇÃO COM PARAFUSOS - FORNECIMENTO E INSTALAÇÃO. AF_12/2019 | E33: M2 | F33: =6.6+6.93+0.75 -> 14.28 | G33: 652.2 | H33: =(G33*26.24%)+G33 -> 823.33728 | I33: =ROUND(F33*H33,2) -> 11757.26 | J33: =I33/$I$248 -> 0.36478213
A34: 13.1 | B34: 87769 | C34: SINAPI | D34: CONTRAPISO EM ARGAMASSA PRONTA, PREPARO MANUAL, APLICADO EM ÁREAS MOLHADAS SOBRE IMPERMEABILIZAÇÃO, ACABAMENTO NÃO REFORÇADO, ESPESSURA 4CM. AF_07/2021 | E34: M2 | F34: 55.45 | G34: 164.69 | H34: =(G34*26.24%)+G34 -> 207.90466 | I34: =ROUND(F34*H34,2) -> 11528.31 | J34: =I34/$I$248 -> 0.3576787
A35: 11.1 | B35: 98557 | C35: SINAPI | D35: IMPERMEABILIZAÇÃO DE SUPERFÍCIE COM EMULSÃO ASFÁLTICA, 2 DEMÃOS. AF_09/2023 | E35: M2 | F35: =75.2+65.31+28.28 -> 168.79 | G35: 53.66 | H35: =(G35*26.24%)+G35 -> 67.740384 | I35: =ROUND(F35*H35,2) -> 11433.9 | J35: =I35/$I$248 -> 0.35474952
A36: 12.6 | B36: 12816 | C36: ORSE | D36: Placa cimentícia e =10mm, para fechamento da fachada (1 lado/face), juntas aparentes, fixada em estrutura metalica, exclusive esta (fornecimento e assentamento) | E36: M2 | F36: 83.5 | G36: 106.8 | H36: =(G36*26.24%)+G36 -> 134.82432 | I36: =ROUND(F36*H36,2) -> 11257.83 | J36: =I36/$I$248 -> 0.34928676
A37: 3.5 | B37: 99059 | C37: SINAPI | D37: LOCAÇÃO CONVENCIONAL DE OBRA, UTILIZANDO GABARITO DE TÁBUAS CORRIDAS PONTALETADAS A CADA 2,00M - 2 UTILIZAÇÕES. AF_03/2024 | E37: M | F37: 146 | G37: 59.72 | H37: =(G37*26.24%)+G37 -> 75.390528 | I37: =ROUND(F37*H37,2) -> 11007.02 | J37: =I37/$I$248 -> 0.3415051
A38: 12.4 | B38: 87273 | C38: SINAPI | D38: REVESTIMENTO CERÂMICO PARA PAREDES INTERNAS COM PLACAS TIPO ESMALTADA EXTRA DE DIMENSÕES 33X45 CM APLICADAS NA ALTURA INTEIRA DAS PAREDES. AF_02/2023_PE | E38: M2 | F38: 103.52 | G38: 77.95 | H38: =(G38*26.24%)+G38 -> 98.40408 | I38: =ROUND(F38*H38,2) -> 10186.79 | J38: =I38/$I$248 -> 0.31605654
A39: 20.3.1 | B39: 91834 | C39: SINAPI | D39: ELETRODUTO FLEXÍVEL CORRUGADO, PVC, DN 25 MM (3/4"), PARA CIRCUITOS TERMINAIS, INSTALADO EM FORRO - FORNECIMENTO E INSTALAÇÃO. AF_03/2023_PA | E39: M | F39: 370.4 | G39: 20.91 | H39: =(G39*26.24%)+G39 -> 26.396784 | I39: =ROUND(F39*H39,2) -> 9777.37 | J39: =I39/$I$248 -> 0.30335383
A40: 2.3 | B40: 32.02.01 | C40: EMBASA | D40: SONDAGEM A PERCUSSÃO | E40: M | F40: 90 | G40: 85 | H40: =(G40*26.24%)+G40 -> 107.304 | I40: =ROUND(F40*H40,2) -> 9657.36 | J40: =I40/$I$248 -> 0.29963039
A41: 6.2.8 | B41: 96557 | C41: SINAPI | D41: CONCRETAGEM DE BLOCO DE COROAMENTO OU VIGA BALDRAME, FCK 30 MPA, COM USO DE BOMBA - LANÇAMENTO, ADENSAMENTO E ACABAMENTO. AF_01/2024 | E41: M3 | F41: 6.43 | G41: 1177.65 | H41: =(G41*26.24%)+G41 -> 1486.6654 | I41: =ROUND(F41*H41,2) -> 9559.26 | J41: =I41/$I$248 -> 0.29658672
A42: 16.2.1 | B42: 97907 | C42: SINAPI | D42: CAIXA ENTERRADA HIDRÁULICA RETANGULAR, EM ALVENARIA COM BLOCOS DE CONCRETO, DIMENSÕES INTERNAS: 0,8X0,8X0,6 M PARA REDE DE ESGOTO. AF_12/2020 | E42: UN | F42: 10 | G42: 718.55 | H42: =(G42*26.24%)+G42 -> 907.09752 | I42: =ROUND(F42*H42,2) -> 9070.98 | J42: =I42/$I$248 -> 0.28143729
A43: 3.8 | B43: 10778 | C43: SINAPI | D43: LOCACAO DE CONTAINER 2,30 X 6,00 M, ALT. 2,50 M, PARA SANITARIO, COM 4 BACIAS, 8 CHUVEIROS,1 LAVATORIO E 1 MICTORIO (NAO INCLUI MOBILIZACAO/DESMOBILIZACAO) | E43: MÊS | F43: 6 | G43: 1129.37 | H43: =(G43*26.24%)+G43 -> 1425.7167 | I43: =ROUND(F43*H43,2) -> 8554.3 | J43: =I43/$I$248 -> 0.26540672
A44: 6.1.3 | B44: 96534 | C44: SINAPI | D44: FABRICAÇÃO, MONTAGEM E DESMONTAGEM DE FÔRMA PARA BLOCO DE COROAMENTO, EM MADEIRA SERRADA, E=25 MM, 4 UTILIZAÇÕES. AF_01/2024 | E44: M2 | F44: 78.26 | G44: 79.27 | H44: =(G44*26.24%)+G44 -> 100.07045 | I44: =ROUND(F44*H44,2) -> 7831.51 | J44: =I44/$I$248 -> 0.24298135
A45: 3.6 | B45: 10775 | C45: SINAPI | D45: LOCACAO DE CONTAINER 2,30 X 6,00 M, ALT. 2,50 M, COM 1 SANITARIO, PARA ESCRITORIO, COMPLETO, SEM DIVISORIAS INTERNAS (NAO INCLUI MOBILIZACAO/DESMOBILIZACAO) | E45: MÊS | F45: 6 | G45: 903.5 | H45: =(G45*26.24%)+G45 -> 1140.5784 | I45: =ROUND(F45*H45,2) -> 6843.47 | J45: =I45/$I$248 -> 0.2123263
A46: 20.4.1 | B46: 91926 | C46: SINAPI | D46: CABO DE COBRE FLEXÍVEL ISOLADO, 2,5 MM², ANTI-CHAMA 450/750 V, PARA CIRCUITOS TERMINAIS - FORNECIMENTO E INSTALAÇÃO. AF_03/2023 | E46: M | F46: 1072.5 | G46: 5.03 | H46: =(G46*26.24%)+G46 -> 6.349872 | I46: =ROUND(F46*H46,2) -> 6810.24 | J46: =I46/$I$248 -> 0.21129531
A47: 7.1.3 | B47: 92762 | C47: SINAPI | D47: ARMAÇÃO DE PILAR OU VIGA DE ESTRUTURA CONVENCIONAL DE CONCRETO ARMADO UTILIZANDO AÇO CA-50 DE 10,0 MM - MONTAGEM. AF_06/2022 | E47: KG | F47: 406.18 | G47: 13.21 | H47: =(G47*26.24%)+G47 -> 16.676304 | I47: =ROUND(F47*H47,2) -> 6773.58 | J47: =I47/$I$248 -> 0.21015789
A48: 6.2.2 | B48: 96616 | C48: SINAPI | D48: LASTRO DE CONCRETO MAGRO, APLICADO EM BLOCOS DE COROAMENTO OU SAPATAS. AF_01/2024 | E48: M3 | F48: 4.93 | G48: 1081.44 | H48: =(G48*26.24%)+G48 -> 1365.2099 | I48: =ROUND(F48*H48,2) -> 6730.48 | J48: =I48/$I$248 -> 0.20882066
A49: 7.1.4 | B49: 92763 | C49: SINAPI | D49: ARMAÇÃO DE PILAR OU VIGA DE ESTRUTURA CONVENCIONAL DE CONCRETO ARMADO UTILIZANDO AÇO CA-50 DE 12,5 MM - MONTAGEM. AF_06/2022 | E49: KG | F49: 472.41 | G49: 11.18 | H49: =(G49*26.24%)+G49 -> 14.113632 | I49: =ROUND(F49*H49,2) -> 6667.42 | J49: =I49/$I$248 -> 0.20686416
A50: 10.1 | B50: 94449 | C50: SINAPI | D50: TELHAMENTO COM TELHA ONDULADA DE FIBRA DE VIDRO E = 0,6 MM, PARA TELHADO COM INCLINAÇÃO MAIOR QUE 10°, COM ATÉ 2 ÁGUAS, INCLUSO IÇAMENTO. AF_07/2019 | E50: M2 | F50: 78.42 | G50: 66.38 | H50: =(G50*26.24%)+G50 -> 83.798112 | I50: =ROUND(F50*H50,2) -> 6571.45 | J50: =I50/$I$248 -> 0.20388658
A51: 6.2.3 | B51: 96536 | C51: SINAPI | D51: FABRICAÇÃO, MONTAGEM E DESMONTAGEM DE FÔRMA PARA VIGA BALDRAME, EM MADEIRA SERRADA, E=25 MM, 4 UTILIZAÇÕES. AF_01/2024 | E51: M2 | F51: 75.2 | G51: 69.05 | H51: =(G51*26.24%)+G51 -> 87.16872 | I51: =ROUND(F51*H51,2) -> 6555.09 | J51: =I51/$I$248 -> 0.20337899
A52: 12.1 | B52: 87879 | C52: SINAPI | D52: CHAPISCO APLICADO EM ALVENARIAS E ESTRUTURAS DE CONCRETO INTERNAS, COM COLHER DE PEDREIRO. ARGAMASSA TRAÇO 1:3 COM PREPARO EM BETONEIRA 400L. AF_10/2022 | E52: M2 | F52: 1032.57 | G52: 5 | H52: =(G52*26.24%)+G52 -> 6.312 | I52: =ROUND(F52*H52,2) -> 6517.58 | J52: =I52/$I$248 -> 0.2022152
A53: 3.2 | B53: 98459 | C53: SINAPI | D53: TAPUME COM TELHA METÁLICA. AF_03/2024 | E53: M2 | F53: 57.2 | G53: 86.61 | H53: =(G53*26.24%)+G53 -> 109.33646 | I53: =ROUND(F53*H53,2) -> 6254.05 | J53: =I53/$I$248 -> 0.19403889
A54: 10.3 | B54: 94229 | C54: SINAPI | D54: CALHA EM CHAPA DE AÇO GALVANIZADO NÚMERO 24, DESENVOLVIMENTO DE 100 CM, INCLUSO TRANSPORTE VERTICAL. AF_07/2019 | E54: M | F54: 30.92 | G54: 157.04 | H54: =(G54*26.24%)+G54 -> 198.2473 | I54: =ROUND(F54*H54,2) -> 6129.81 | J54: =I54/$I$248 -> 0.19018421
A55: 9.4.1 | B55: 94569 | C55: SINAPI | D55: JANELA DE ALUMÍNIO TIPO MAXIM-AR, BATENTE/ REQUADRO 3 A 14 CM, VIDRO INCLUSO, FIXAÇÃO COM PARAFUSO, SEM GUARNIÇÃO/ ALIZAR, DIMENSÕES 60X80 (A X L) CM, SEM ACABAMENTO, VEDAÇÃO COM SILICONE, EXCLUSIVE CONTRAMARCO - FORNECIMENTO E INSTALAÇÃO. AF_11/2024 | E55: M2 | F55: 6.48 | G55: 662.11 | H55: =(G55*26.24%)+G55 -> 835.84766 | I55: =ROUND(F55*H55,2) -> 5416.29 | J55: =I55/$I$248 -> 0.16804645
A56: 3.7 | B56: 10776 | C56: SINAPI | D56: LOCACAO DE CONTAINER 2,30 X 6,00 M, ALT. 2,50 M, PARA ESCRITORIO, SEM DIVISORIAS INTERNAS E SEM SANITARIO (NAO INCLUI MOBILIZACAO/DESMOBILIZACAO) | E56: MÊS | F56: 6 | G56: 705.85 | H56: =(G56*26.24%)+G56 -> 891.06504 | I56: =ROUND(F56*H56,2) -> 5346.39 | J56: =I56/$I$248 -> 0.16587772
A57: 2.1 | B57: 2708 | C57: SINAPI | D57: ENGENHEIRO CIVIL DE OBRA SENIOR (HORISTA) | E57: H | F57: =5*5 -> 25 | G57: 165.73 | H57: =(G57*26.24%)+G57 -> 209.21755 | I57: =ROUND(F57*H57,2) -> 5230.44 | J57: =I57/$I$248 -> 0.16228025
A58: 18.11 | B58: 100867 | C58: SINAPI | D58: BARRA DE APOIO RETA, EM ACO INOX POLIDO, COMPRIMENTO 70 CM, FIXADA NA PAREDE - FORNECIMENTO E INSTALAÇÃO. AF_01/2020 | E58: UN | F58: 10 | G58: 407.93 | H58: =(G58*26.24%)+G58 -> 514.97083 | I58: =ROUND(F58*H58,2) -> 5149.71 | J58: =I58/$I$248 -> 0.15977551
A59: 13.4 | B59: 87251 | C59: SINAPI | D59: REVESTIMENTO CERÂMICO PARA PISO COM PLACAS TIPO ESMALTADA DE DIMENSÕES 45X45 CM APLICADA EM AMBIENTES DE ÁREA MAIOR QUE 10 M2. AF_02/2023_PE | E59: M2 | F59: 61.95 | G59: 64.59 | H59: =(G59*26.24%)+G59 -> 81.538416 | I59: =ROUND(F59*H59,2) -> 5051.3 | J59: =I59/$I$248 -> 0.15672223
A60: 15.39 | B60: 102610 | C60: SINAPI | D60: CAIXA D´ÁGUA EM POLIETILENO, 3000 LITROS - FORNECIMENTO E INSTALAÇÃO. AF_06/2021 | E60: UN | F60: 2 | G60: 1982.22 | H60: =(G60*26.24%)+G60 -> 2502.3545 | I60: =ROUND(F60*H60,2) -> 5004.71 | J60: =I60/$I$248 -> 0.15527672
A61: 6.1.5 | B61: 96545 | C61: SINAPI | D61: ARMAÇÃO DE BLOCO UTILIZANDO AÇO CA-50 DE 8 MM - MONTAGEM. AF_01/2024 | E61: KG | F61: 216.63 | G61: 18.3 | H61: =(G61*26.24%)+G61 -> 23.10192 | I61: =ROUND(F61*H61,2) -> 5004.57 | J61: =I61/$I$248 -> 0.15527238
A62: 3.4 | B62: 12075 | C62: SBC | D62: INSTALACAO PROVISORIA DE AGUA E ESGOTO | E62: PT | F62: 1 | G62: 3612.94 | H62: =(G62*26.24%)+G62 -> 4560.9755 | I62: =ROUND(F62*H62,2) -> 4560.98 | J62: =I62/$I$248 -> 0.1415095
A63: 5.2 | B63: 96525 | C63: SINAPI | D63: ESCAVAÇÃO MECANIZADA PARA VIGA BALDRAME OU SAPATA CORRIDA COM MINI-ESCAVADEIRA (INCLUINDO ESCAVAÇÃO PARA COLOCAÇÃO DE FÔRMAS). AF_01/2024 | E63: M3 | F63: 66.28 | G63: 53.74 | H63: =(G63*26.24%)+G63 -> 67.841376 | I63: =ROUND(F63*H63,2) -> 4496.53 | J63: =I63/$I$248 -> 0.13950987
A64: 7.1.5 | B64: 92759 | C64: SINAPI | D64: ARMAÇÃO DE PILAR OU VIGA DE ESTRUTURA CONVENCIONAL DE CONCRETO ARMADO UTILIZANDO AÇO CA-60 DE 5,0 MM - MONTAGEM. AF_06/2022 | E64: KG | F64: 211.61 | G64: 16.01 | H64: =(G64*26.24%)+G64 -> 20.211024 | I64: =ROUND(F64*H64,2) -> 4276.85 | J64: =I64/$I$248 -> 0.13269405
A65: 20.3.3 | B65: 93011 | C65: SINAPI | D65: ELETRODUTO RÍGIDO ROSCÁVEL, PVC, DN 85 MM (3"), PARA REDE ENTERRADA DE DISTRIBUIÇÃO DE ENERGIA ELÉTRICA - FORNECIMENTO E INSTALAÇÃO. AF_12/2021 | E65: M | F65: 60 | G65: 55.54 | H65: =(G65*26.24%)+G65 -> 70.113696 | I65: =ROUND(F65*H65,2) -> 4206.82 | J65: =I65/$I$248 -> 0.13052129
A66: 22.1 | B66: 11795 | C66: SINAPI | D66: GRANITO PARA BANCADA, POLIDO, TIPO ANDORINHA/ QUARTZ/ CASTELO/ CORUMBA OU OUTROS EQUIVALENTES DA REGIAO, E= *2,5* CM | E66: M2 | F66: 3.79 | G66: 875.47 | H66: =(G66*26.24%)+G66 -> 1105.1933 | I66: =ROUND(F66*H66,2) -> 4188.68 | J66: =I66/$I$248 -> 0.12995848
A67: 20.4.3 | B67: 91930 | C67: SINAPI | D67: CABO DE COBRE FLEXÍVEL ISOLADO, 6 MM², ANTI-CHAMA 450/750 V, PARA CIRCUITOS TERMINAIS - FORNECIMENTO E INSTALAÇÃO. AF_03/2023 | E67: M | F67: 286.75 | G67: 10.94 | H67: =(G67*26.24%)+G67 -> 13.810656 | I67: =ROUND(F67*H67,2) -> 3960.21 | J67: =I67/$I$248 -> 0.12286994
A68: 7.2.4 | B68: 92762 | C68: SINAPI | D68: ARMAÇÃO DE PILAR OU VIGA DE ESTRUTURA CONVENCIONAL DE CONCRETO ARMADO UTILIZANDO AÇO CA-50 DE 10,0 MM - MONTAGEM. AF_06/2022 | E68: KG | F68: 233.64 | G68: 13.21 | H68: =(G68*26.24%)+G68 -> 16.676304 | I68: =ROUND(F68*H68,2) -> 3896.25 | J68: =I68/$I$248 -> 0.12088551
A69: 6.1.6 | B69: 96546 | C69: SINAPI | D69: ARMAÇÃO DE BLOCO UTILIZANDO AÇO CA-50 DE 10 MM - MONTAGEM. AF_01/2024 | E69: KG | F69: 190.34 | G69: 16.14 | H69: =(G69*26.24%)+G69 -> 20.375136 | I69: =ROUND(F69*H69,2) -> 3878.2 | J69: =I69/$I$248 -> 0.12032549
A70: 3.1 | B70: 103689 | C70: SINAPI | D70: FORNECIMENTO E INSTALAÇÃO DE PLACA DE OBRA COM CHAPA GALVANIZADA E ESTRUTURA DE MADEIRA. AF_03/2022_PS | E70: M2 | F70: 6.48 | G70: 461.96 | H70: =(G70*26.24%)+G70 -> 583.1783 | I70: =ROUND(F70*H70,2) -> 3779 | J70: =I70/$I$248 -> 0.1172477
A71: 22.3 | B71: CPU 01 | C71: SINAPI | D71: BANCO EM ALVENARIA REVESTIDO EM CERÂMICA | E71: M | F71: 4 | G71: =CPUs!I31 -> 748.9617 | H71: =(G71*26.24%)+G71 -> 945.48925 | I71: =ROUND(F71*H71,2) -> 3781.96 | J71: =I71/$I$248 -> 0.11733954
A72: 22.6 | B72: 12628 | C72: ORSE | D72: Mastro triplo em tubo ferro galvanizado, alt (útil)= 6m (3,80m x 2" + 2,20m x1 1/2"), inclusive base de concreto ciclópico - Rev 01 | E72: UN | F72: 1 | G72: 2958 | H72: =(G72*26.24%)+G72 -> 3734.1792 | I72: =ROUND(F72*H72,2) -> 3734.18 | J72: =I72/$I$248 -> 0.11585711
A73: 18.13 | B73: 100875 | C73: SINAPI | D73: BANCO ARTICULADO, EM ACO INOX, PARA PCD, FIXADO NA PAREDE - FORNECIMENTO E INSTALAÇÃO. AF_01/2020 | E73: UN | F73: 2 | G73: 1379.72 | H73: =(G73*26.24%)+G73 -> 1741.7585 | I73: =ROUND(F73*H73,2) -> 3483.52 | J73: =I73/$I$248 -> 0.1080801
A74: 18.18 | B74: 102147 | C74: SINAPI | D74: ESPELHO CRISTAL, ESPESSURA 4 MM, SEM MOLDURA, ADERIDO COM ADESIVO FIXA-ESPELHO. AF_01/2021 | E74: M2 | F74: 3.05 | G74: 868.57 | H74: =(G74*26.24%)+G74 -> 1096.4828 | I74: =ROUND(F74*H74,2) -> 3344.27 | J74: =I74/$I$248 -> 0.10375971
A75: 7.2.3 | B75: 92761 | C75: SINAPI | D75: ARMAÇÃO DE PILAR OU VIGA DE ESTRUTURA CONVENCIONAL DE CONCRETO ARMADO UTILIZANDO AÇO CA-50 DE 8,0 MM - MONTAGEM. AF_06/2022 | E75: KG | F75: 163.81 | G75: 14.68 | H75: =(G75*26.24%)+G75 -> 18.532032 | I75: =ROUND(F75*H75,2) -> 3035.73 | J75: =I75/$I$248 -> 0.094186916
A76: 7.1.2 | B76: 92760 | C76: SINAPI | D76: ARMAÇÃO DE PILAR OU VIGA DE ESTRUTURA CONVENCIONAL DE CONCRETO ARMADO UTILIZANDO AÇO CA-50 DE 6,3 MM - MONTAGEM. AF_06/2022 | E76: KG | F76: 155.59 | G76: 15.43 | H76: =(G76*26.24%)+G76 -> 19.478832 | I76: =ROUND(F76*H76,2) -> 3030.71 | J76: =I76/$I$248 -> 0.094031164
A77: 9.1.1 | B77: 90823 | C77: SINAPI | D77: PORTA DE MADEIRA PARA PINTURA, SEMI-OCA (LEVE OU MÉDIA), 90X210CM, ESPESSURA DE 3,5CM, INCLUSO DOBRADIÇAS - FORNECIMENTO E INSTALAÇÃO. AF_12/2019 | E77: UN | F77: 5 | G77: 450.61 | H77: =(G77*26.24%)+G77 -> 568.85006 | I77: =ROUND(F77*H77,2) -> 2844.25 | J77: =I77/$I$248 -> 0.088246035
A78: 17.26 | B78: 101807 | C78: SINAPI | D78: CAIXA ENTERRADA DISTRIBUIDORA DE VAZÃO (SUMIDOUROS MÚLTIPLOS), RETANGULAR, EM ALVENARIA COM BLOCOS DE CONCRETO, DIMENSÕES INTERNAS: 0,60 X 0,60 X H=0,50 M. AF_12/2020 | E78: UN | F78: 4 | G78: 558.46 | H78: =(G78*26.24%)+G78 -> 704.9999 | I78: =ROUND(F78*H78,2) -> 2820 | J78: =I78/$I$248 -> 0.087493651
A79: 6.2.6 | B79: 104919 | C79: SINAPI | D79: ARMAÇÃO DE SAPATA ISOLADA, VIGA BALDRAME E SAPATA CORRIDA UTILIZANDO AÇO CA-50 DE 10 MM - MONTAGEM. AF_01/2024 | E79: KG | F79: 144.45 | G79: 14.87 | H79: =(G79*26.24%)+G79 -> 18.771888 | I79: =ROUND(F79*H79,2) -> 2711.6 | J79: =I79/$I$248 -> 0.08413042
A80: 7.2.6 | B80: 92759 | C80: SINAPI | D80: ARMAÇÃO DE PILAR OU VIGA DE ESTRUTURA CONVENCIONAL DE CONCRETO ARMADO UTILIZANDO AÇO CA-60 DE 5,0 MM - MONTAGEM. AF_06/2022 | E80: KG | F80: 132.78 | G80: 16.01 | H80: =(G80*26.24%)+G80 -> 20.211024 | I80: =ROUND(F80*H80,2) -> 2683.62 | J80: =I80/$I$248 -> 0.083262309
A81: 3.3 | B81: 101509 | C81: SINAPI | D81: ENTRADA DE ENERGIA ELÉTRICA, AÉREA, TRIFÁSICA, COM CAIXA DE EMBUTIR, CABO DE 10 MM2 E DISJUNTOR DIN 50A (NÃO INCLUSO O POSTE DE CONCRETO). AF_07/2020 | E81: UN | F81: 1 | G81: 2119.87 | H81: =(G81*26.24%)+G81 -> 2676.1239 | I81: =ROUND(F81*H81,2) -> 2676.12 | J81: =I81/$I$248 -> 0.083029613
A82: 20.4.4 | B82: 92984 | C82: SINAPI | D82: CABO DE COBRE FLEXÍVEL ISOLADO, 25 MM², ANTI-CHAMA 0,6/1,0 KV, PARA REDE ENTERRADA DE DISTRIBUIÇÃO DE ENERGIA ELÉTRICA - FORNECIMENTO E INSTALAÇÃO. AF_12/2021 | E82: M | F82: 60.5 | G82: 33.51 | H82: =(G82*26.24%)+G82 -> 42.303024 | I82: =ROUND(F82*H82,2) -> 2559.33 | J82: =I82/$I$248 -> 0.079406073
A83: 7.5.1 | B83: 97083 | C83: SINAPI | D83: COMPACTAÇÃO MECÂNICA DE SOLO PARA EXECUÇÃO DE RADIER, PISO DE CONCRETO OU LAJE SOBRE SOLO, COM COMPACTADOR DE SOLOS A PERCUSSÃO. AF_09/2021 | E83: M2 | F83: 619 | G83: 3.24 | H83: =(G83*26.24%)+G83 -> 4.090176 | I83: =ROUND(F83*H83,2) -> 2531.82 | J83: =I83/$I$248 -> 0.078552545
A84: 23.1 | B84: 99803 | C84: SINAPI | D84: LIMPEZA DE PISO CERÂMICO OU PORCELANATO COM PANO ÚMIDO. AF_04/2019 | E84: M2 | F84: 918.22 | G84: 2 | H84: =(G84*26.24%)+G84 -> 2.5248 | I84: =ROUND(F84*H84,2) -> 2318.32 | J84: =I84/$I$248 -> 0.071928469
A85: 14.1 | B85: 88496 | C85: SINAPI | D85: EMASSAMENTO COM MASSA LÁTEX, APLICAÇÃO EM TETO, DUAS DEMÃOS, LIXAMENTO MANUAL. AF_04/2023 | E85: M2 | F85: 60.16 | G85: 30.07 | H85: =(G85*26.24%)+G85 -> 37.960368 | I85: =ROUND(F85*H85,2) -> 2283.7 | J85: =I85/$I$248 -> 0.070854344
A86: 20.5.7 | B86: 97607 | C86: SINAPI | D86: LUMINÁRIA ARANDELA TIPO TARTARUGA, DE SOBREPOR, COM 1 LÂMPADA LED DE 6 W, SEM REATOR - FORNECIMENTO E INSTALAÇÃO. AF_09/2024 | E86: UN | F86: =14+3 -> 17 | G86: 105.72 | H86: =(G86*26.24%)+G86 -> 133.46093 | I86: =ROUND(F86*H86,2) -> 2268.84 | J86: =I86/$I$248 -> 0.070393296
A87: 22.2 | B87: 101965 | C87: SINAPI | D87: PEITORIL LINEAR EM GRANITO OU MÁRMORE, L = 15CM, COMPRIMENTO DE ATÉ 2M, ASSENTADO COM ARGAMASSA 1:6 COM ADITIVO. AF_11/2020 | E87: M | F87: 10.8 | G87: 164.86 | H87: =(G87*26.24%)+G87 -> 208.11926 | I87: =ROUND(F87*H87,2) -> 2247.69 | J87: =I87/$I$248 -> 0.069737094
A88: 18.12 | B88: 100868 | C88: SINAPI | D88: BARRA DE APOIO RETA, EM ACO INOX POLIDO, COMPRIMENTO 80 CM, FIXADA NA PAREDE - FORNECIMENTO E INSTALAÇÃO. AF_01/2020 | E88: UN | F88: 4 | G88: 424.79 | H88: =(G88*26.24%)+G88 -> 536.2549 | I88: =ROUND(F88*H88,2) -> 2145.02 | J88: =I88/$I$248 -> 0.066551643
A89: 7.4.2 | B89: 92453 | C89: SINAPI | D89: MONTAGEM E DESMONTAGEM DE FÔRMA DE VIGA, ESCORAMENTO COM GARFO DE MADEIRA, PÉ-DIREITO DUPLO, EM CHAPA DE MADEIRA RESINADA, 4 UTILIZAÇÕES. AF_09/2020 | E89: M2 | F89: 6.32 | G89: 261.59 | H89: =(G89*26.24%)+G89 -> 330.23122 | I89: =ROUND(F89*H89,2) -> 2087.06 | J89: =I89/$I$248 -> 0.064753369
A90: 18.7 | B90: 36791 | C90: SINAPI | D90: TORNEIRA METALICA CROMADA DE MESA PARA LAVATORIO, BICA ALTA, COM AREJADOR | E90: UN | F90: 6 | G90: 273.08 | H90: =(G90*26.24%)+G90 -> 344.73619 | I90: =ROUND(F90*H90,2) -> 2068.42 | J90: =I90/$I$248 -> 0.064175042
A91: 21.2 | B91: 96985 | C91: SINAPI | D91: HASTE DE ATERRAMENTO, DIÂMETRO 5/8", COM 3 METROS - FORNECIMENTO E INSTALAÇÃO. AF_08/2023 | E91: UN | F91: 18 | G91: 90.64 | H91: =(G91*26.24%)+G91 -> 114.42394 | I91: =ROUND(F91*H91,2) -> 2059.63 | J91: =I91/$I$248 -> 0.063902322
A92: 15.37 | B92: 89987 | C92: SINAPI | D92: REGISTRO DE GAVETA BRUTO, LATÃO, ROSCÁVEL, 3/4", COM ACABAMENTO E CANOPLA CROMADOS - FORNECIMENTO E INSTALAÇÃO. AF_08/2021 | E92: UN | F92: 15 | G92: 108.48 | H92: =(G92*26.24%)+G92 -> 136.94515 | I92: =ROUND(F92*H92,2) -> 2054.18 | J92: =I92/$I$248 -> 0.06373323
A93: 20.3.5 | B93: 91886 | C93: SINAPI | D93: LUVA PARA ELETRODUTO, PVC, ROSCÁVEL, DN 40 MM (1 1/4"), PARA CIRCUITOS TERMINAIS, INSTALADA EM PAREDE - FORNECIMENTO E INSTALAÇÃO. AF_03/2023 | E93: UN | F93: 103 | G93: 15.62 | H93: =(G93*26.24%)+G93 -> 19.718688 | I93: =ROUND(F93*H93,2) -> 2031.02 | J93: =I93/$I$248 -> 0.063014665
A94: 6.2.7 | B94: 96543 | C94: SINAPI | D94: ARMAÇÃO DE BLOCO UTILIZANDO AÇO CA-60 DE 5 MM - MONTAGEM. AF_01/2024 | E94: KG | F94: 71.44 | G94: 21.76 | H94: =(G94*26.24%)+G94 -> 27.469824 | I94: =ROUND(F94*H94,2) -> 1962.44 | J94: =I94/$I$248 -> 0.060886894
A95: 18.10 | B95: 100866 | C95: SINAPI | D95: BARRA DE APOIO RETA, EM ACO INOX POLIDO, COMPRIMENTO 60CM, FIXADA NA PAREDE - FORNECIMENTO E INSTALAÇÃO. AF_01/2020 | E95: UN | F95: 4 | G95: 382.58 | H95: =(G95*26.24%)+G95 -> 482.96899 | I95: =ROUND(F95*H95,2) -> 1931.88 | J95: =I95/$I$248 -> 0.059938736
A96: 6.1.2 | B96: 96619 | C96: SINAPI | D96: LASTRO DE CONCRETO MAGRO, APLICADO EM BLOCOS DE COROAMENTO OU SAPATAS, ESPESSURA DE 5 CM. AF_01/2024 | E96: M2 | F96: 27.36 | G96: 54.05 | H96: =(G96*26.24%)+G96 -> 68.23272 | I96: =ROUND(F96*H96,2) -> 1866.85 | J96: =I96/$I$248 -> 0.057921107
A97: 7.5.4 | B97: 97087 | C97: SINAPI | D97: CAMADA SEPARADORA PARA EXECUÇÃO DE RADIER, PISO DE CONCRETO OU LAJE SOBRE SOLO, EM LONA PLÁSTICA. AF_09/2021 | E97: M2 | F97: 619 | G97: 2.38 | H97: =(G97*26.24%)+G97 -> 3.004512 | I97: =ROUND(F97*H97,2) -> 1859.79 | J97: =I97/$I$248 -> 0.057702063
A98: 18.21 | B98: 100858 | C98: SINAPI | D98: MICTÓRIO SIFONADO LOUÇA BRANCA - PADRÃO MÉDIO - FORNECIMENTO E INSTALAÇÃO. AF_01/2020 | E98: UN | F98: 2 | G98: 720.64 | H98: =(G98*26.24%)+G98 -> 909.73594 | I98: =ROUND(F98*H98,2) -> 1819.47 | J98: =I98/$I$248 -> 0.05645109
A99: 18.1 | B99: 95470 | C99: SINAPI | D99: VASO SANITARIO SIFONADO CONVENCIONAL COM LOUÇA BRANCA, INCLUSO CONJUNTO DE LIGAÇÃO PARA BACIA SANITÁRIA AJUSTÁVEL - FORNECIMENTO E INSTALAÇÃO. AF_01/2020 | E99: UN | F99: 5 | G99: 287.67 | H99: =(G99*26.24%)+G99 -> 363.15461 | I99: =ROUND(F99*H99,2) -> 1815.77 | J99: =I99/$I$248 -> 0.056336293
A100: 6.2.5 | B100: 104918 | C100: SINAPI | D100: ARMAÇÃO DE SAPATA ISOLADA, VIGA BALDRAME E SAPATA CORRIDA UTILIZANDO AÇO CA-50 DE 8 MM - MONTAGEM. AF_01/2024 | E100: KG | F100: 83.04 | G100: 16.55 | H100: =(G100*26.24%)+G100 -> 20.89272 | I100: =ROUND(F100*H100,2) -> 1734.93 | J100: =I100/$I$248 -> 0.053828142
...

Sheet ANALÍTICO
A2: Ministério do Desenvolvimento Regional - MDR
A3: Companhia de Desenvolvimento dos Vales do São Francisco e do Parnaíba
A5: ORÇAMENTO ANALÍTICO
A7: OBJETO: SERVIÇOS COMUNS DE ENGENHARIA PARA EXECUÇÃO DE PÁTIO PARA MÚLTIPLOS USOS EM DIVERSOS MUNICÍPIOS DO ESTADO DO AMAPÁ SOB A ÁREA DE ATUAÇÃO DA 11ª SUPERINTENDÊNCIA REGIONAL DA CODEVASF ATRAVÉS DE SISTEMA DE REGISTRO DE PREÇOS - SRP (ZONA 1)
A10: 1 | D10: PROJETO EXECUTIVO | J10: 3254.7
B11: Código | C11: Banco | D11: Descrição | E11: Tipo | G11: Und | H11: Quant. | I11: Valor Unit | J11: Total
A12: Insumo | B12: 00034782 | C12: SINAPI | D12: ENGENHEIRO CIVIL SENIOR | E12: Mão de Obra | G12: H | H12: 1 | I12: 171.88 | J12: 171.88
E13: MO sem LS => | F13: 171.88 | G13: LS => | H13: 0 | I13: MO com LS => | J13: 171.88
E14: Valor do BDI => | H14: Valor com BDI => | J14: 216.98
G15: Quant. => | H15: 15,00 | I15: Preço Total => | J15: 3254.7
A17: 2 | D17: SERVIÇOS PRELIMINARES | J17: 130643.3
A18: 2.1 | B18: Código | C18: Banco | D18: Descrição | E18: Tipo | G18: Und | H18: Quant. | I18: Valor Unit | J18: Total
A19: Composição | B19: MS-0009 | C19: Próprio | D19: ADMINISTRAÇÃO LOCAL 11ª SR - 6 MESES | E19: CANT - CANTEIRO DE OBRAS | G19: UND | H19: 1 | I19: 69327.38 | J19: 69327.38
A20: Composição Auxiliar | B20: 90778 | C20: SINAPI | D20: ENGENHEIRO CIVIL DE OBRA PLENO COM ENCARGOS COMPLEMENTARES | E20: SEDI - SERVIÇOS DIVERSOS | G20: H | H20: 96 | I20: 135.94 | J20: 13050.24
A21: Composição Auxiliar | B21: 90780 | C21: SINAPI | D21: MESTRE DE OBRAS COM ENCARGOS COMPLEMENTARES | E21: SEDI - SERVIÇOS DIVERSOS | G21: H | H21: 1320 | I21: 42.36 | J21: 55915.2
A22: Insumo | B22: 00044480 | C22: SINAPI | D22: TARIFA "A" ENTRE 0 E 20M3 FORNECIMENTO D'AGUA | E22: Taxas | G22: m³ | H22: 18.35 | I22: 19.67 | J22: 360.94
A23: Insumo | B23: 00014250 | C23: SINAPI | D23: ENERGIA ELETRICA COMERCIAL, BAIXA TENSAO, RELATIVA AO CONSUMO DE ATE 100 KWH, INCLUINDO ICMS, PIS/PASEP E COFINS | E23: Material | G23: KW/H | H23: 0.97 | I23: 1.04 | J23: 1
E24: MO sem LS => | F24: 65056.32 | G24: LS => | H24: 0 | I24: MO com LS => | J24: 65056.32
E25: Valor do BDI => | F25: 18191.5 | H25: Valor com BDI => | J25: 87518.88
G26: Quant. => | H26: 1,00 | I26: Preço Total => | J26: 87518.88
A28: 2.2 | B28: Código | C28: Banco | D28: Descrição | E28: Tipo | G28: Und | H28: Quant. | I28: Valor Unit | J28: Total
A29: Composição | B29: MS-0008 | C29: Próprio | D29: PLACA DE OBRA (3,60M X 1,80M) | E29: SERP - SERVIÇOS PRELIMINARES | G29: M² | H29: 1 | I29: 517.93 | J29: 517.93
A30: Composição Auxiliar | B30: 88262 | C30: SINAPI | D30: CARPINTEIRO DE FORMAS COM ENCARGOS COMPLEMENTARES | E30: SEDI - SERVIÇOS DIVERSOS | G30: H | H30: 1 | I30: 25.79 | J30: 25.79
A31: Composição Auxiliar | B31: 87445 | C31: SINAPI | D31: BETONEIRA CAPACIDADE NOMINAL 400 L, CAPACIDADE DE MISTURA 310 L, MOTOR A DIESEL POTÊNCIA 5,0 HP, SEM CARREGADOR - CHP DIURNO. AF_05/2023 | E31: CHOR - CUSTOS HORÁRIOS DE MÁQUINAS E EQUIPAMENTOS | G31: CHP | H31: 0.01 | I31: 5.79 | J31: 0.05
A32: Composição Auxiliar | B32: 88316 | C32: SINAPI | D32: SERVENTE COM ENCARGOS COMPLEMENTARES | E32: SEDI - SERVIÇOS DIVERSOS | G32: H | H32: 2.06 | I32: 19.85 | J32: 40.89
A33: Insumo | B33: 00004813 | C33: SINAPI | D33: PLACA DE OBRA (PARA CONSTRUCAO CIVIL) EM CHAPA GALVANIZADA *N. 22*, ADESIVADA, DE *2,4 X 1,2* M (SEM POSTES PARA FIXACAO) | E33: Material | G33: M² | H33: 1 | I33: 400 | J33: 400
A34: Insumo | B34: 00004491 | C34: SINAPI | D34: PONTALETE *7,5 X 7,5* CM EM PINUS, MISTA OU EQUIVALENTE DA REGIAO - BRUTA | E34: Material | G34: M | H34: 4 | I34: 9.42 | J34: 37.68
A35: Insumo | B35: 00004417 | C35: SINAPI | D35: SARRAFO NAO APARELHADO *2,5 X 7* CM, EM MACARANDUBA/MASSARANDUBA, ANGELIM, PEROBA-ROSA OU EQUIVALENTE DA REGIAO - BRUTA | E35: Material | G35: M | H35: 1 | I35: 5.32 | J35: 5.32
A36: Insumo | B36: 00001379 | C36: SINAPI | D36: CIMENTO PORTLAND COMPOSTO CP II-32 | E36: Material | G36: KG | H36: 1.5 | I36: 1.12 | J36: 1.68
A37: Insumo | B37: 00004718 | C37: SINAPI | D37: PEDRA BRITADA N. 2 (19 A 38 MM) POSTO PEDREIRA/FORNECEDOR, SEM FRETE | E37: Material | G37: M³ | H37: 0.01 | I37: 325 | J37: 3.25
A38: Insumo | B38: 00005075 | C38: SINAPI | D38: PREGO DE ACO POLIDO COM CABECA 18 X 30 (2 3/4 X 10) | E38: Material | G38: KG | H38: 0.11 | I38: 16.12 | J38: 1.77
A39: Insumo | B39: 00000370 | C39: SINAPI | D39: AREIA MEDIA - POSTO JAZIDA/FORNECEDOR (RETIRADO NA JAZIDA, SEM TRANSPORTE) | E39: Material | G39: M³ | H39: 0.01 | I39: 150 | J39: 1.5
E40: MO sem LS => | F40: 53.13 | G40: LS => | H40: 0 | I40: MO com LS => | J40: 53.13
E41: Valor do BDI => | F41: 135.9 | H41: Valor com BDI => | J41: 653.83
G42: Quant. => | H42: 6,48 | I42: Preço Total => | J42: 4236.81
A44: 2.3 | B44: Código | C44: Banco | D44: Descrição | E44: Tipo | G44: Und | H44: Quant. | I44: Valor Unit | J44: Total
A45: Composição | B45: 4657 | C45: ORSE | D45: Locação de container - Escritório com banheiro - 6,20 x 2,40m - Rev 02_02/2022 | E45: Mobilização / Instalações Provisórias / Desmobilização | G45: mês | H45: 1 | I45: 1600 | J45: 1600
A46: Item | B46: Código | C46: Banco | D46: Descrição | E46: Tipo | G46: Und | H46: Quant. | I46: Valor Unit | J46: Total
A47: Insumo | B47: 4298 | C47: ORSE | D47: Aluguel de container - Escritório com banheiro - 6,20 x 2,40m, equipado com Ar condicionado | E47: Serviços | G47: mês | H47: 1 | I47: 1.600,00 | J47: 1.600,00
A48: Detalhamento de Cálculo ORSE
A49: Item | B49: Código | C49: Banco | D49: Descrição | E49: Tipo | G49: Und | H49: Quant. | I49: Valor Unit | J49: Total
A50: Insumo | B50: 4298 | C50: ORSE | D50: Aluguel de container - Escritório com banheiro - 6,20 x 2,40m, equipado com Ar condicionado | E50: Serviços | G50: mês | H50: 1 | I50: 1.600,00 | J50: 1.600,00
E51: MO sem LS => | F51: 0 | G51: LS => | H51: 0 | I51: MO com LS => | J51: 0
E52: Valor do BDI => | F52: 419.84 | H52: Valor com BDI => | J52: 2019.84
G53: Quant. => | H53: 6,00 | I53: Preço Total => | J53: 12119.04
A55: 2.4 | B55: Código | C55: Banco | D55: Descrição | E55: Tipo | G55: Und | H55: Quant. | I55: Valor Unit | J55: Total
A56: Composição | B56: 012212 | C56: SBC | D56: BARRACAO PARA DEPOSITO EM CHAPA DE MADEIRA COMPENSADA | E56: INSTALACOES PROVISORIAS | G56: m² | H56: 1 | I56: 954.59 | J56: 954.59
A57: Insumo | B57: 001825 | C57: SBC | D57: MADEIRA DE LEI-RIPA 5x1,5cm | E57: Material | G57: M | H57: 4.949 | I57: 3.03 | J57: 14.99
A58: Insumo | B58: 012721 | C58: SBC | D58: FECHADURA INTERNA 40mm ACO CROMADO ACETINADO UNA Z AROUCA | E58: Material | G58: UN | H58: 0.089 | I58: 170 | J58: 15.13
A59: Insumo | B59: 012743 | C59: SBC | D59: DOBRADICA FERRO GALVANIZADO 1.1/2"x 3" | E59: Material | G59: UN | H59: 0.48 | I59: 9.06 | J59: 4.34
A60: Insumo | B60: 099350 | C60: SBC | D60: CARPINTEIRO DE FORMAS | E60: Mão de Obra | G60: H | H60: 7.554 | I60: 20.222368 | J60: 152.75
A61: Insumo | B61: 001420 | C61: SBC | D61: PREGO FERRO GALVANIZADO 17x21 (305 un/kg) | E61: Material | G61: KG | H61: 0.39 | I61: 24.99 | J61: 9.74
A62: Insumo | B62: 001350 | C62: SBC | D62: PONTALETE 7,5x7,5cm (3x3") PERNA/BARROTE/ESTRONCA | E62: Material | G62: M | H62: 9.86 | I62: 8.71 | J62: 85.88
A63: Insumo | B63: 099449 | C63: SBC | D63: AJUDANTE DE CARPINTEIRO | E63: Mão de Obra | G63: H | H63: 10.121 | I63: 16.0665 | J63: 162.6
A64: Insumo | B64: 099900 | C64: SBC | D64: SERVENTE | E64: Mão de Obra | G64: H | H64: 10.703 | I64: 15.31673 | J64: 163.93
A65: Insumo | B65: 002004 | C65: SBC | D65: TELHA CIMENTICIA ONDULADA 5mm 1,83x1,10 (2,01m2) | E65: Material | G65: m² | H65: 1.23 | I65: 24.53 | J65: 30.17
A66: Insumo | B66: 001250 | C66: SBC | D66: TABUA NAO APARELHADA 2,50x20cm MASSARANDURA/ANGELIN OU EQUIVALENTE BRUTA | E66: Material | G66: M | H66: 6.1 | I66: 22.47 | J66: 137.06
A67: Insumo | B67: 006473 | C67: SBC | D67: CHAPA DE COMPENSADO RESINADO FENOLICO 12mm 2,20x1.10m(2,42m2) | E67: Material | G67: m² | H67: 4.824 | I67: 36.9 | J67: 178
E68: MO sem LS => | F68: 479.28 | G68: LS => | H68: 0 | I68: MO com LS => | J68: 479.28
E69: Valor do BDI => | F69: 250.48 | H69: Valor com BDI => | J69: 1205.07
G70: Quant. => | H70: 10,00 | I70: Preço Total => | J70: 12050.7
A72: 2.5 | B72: Código | C72: Banco | D72: Descrição | E72: Tipo | G72: Und | H72: Quant. | I72: Valor Unit | J72: Total
A73: Composição | B73: 4177 | C73: ORSE | D73: Locação de construção de edificação acima de 1000 m2, inclusive execução de gabarito de madeira | E73: Locação de Edificações | G73: m² | H73: 1 | I73: 5.61 | J73: 5.61
A74: Item | B74: Código | C74: Banco | D74: Descrição | E74: Tipo | G74: Und | H74: Quant. | I74: Valor Unit | J74: Total
A75: Composição | B75: 10549 | C75: ORSE | D75: Encargos Complementares - Servente | E75: Provisórios | G75: h | H75: 0.04 | I75: 3,80 | J75: 0,15
A76: Insumo | B76: 48 | C76: ORSE | D76: Auxiliar topografia - SICRO | E76: Mão de Obra | G76: h | H76: 0.02 | I76: 21,66 | J76: 0,43
A77: Insumo | B77: 1569 | C77: ORSE | D77: Madeira mista serrada (barrote) 6 x 6cm - 0,0036 m3/m (angelim, louro) | E77: Material | G77: m | H77: 0.09 | I77: 6,69 | J77: 0,60
A78: Insumo | B78: 00001213/SINAPI | C78: ORSE | D78: Carpinteiro de formas para concreto (horista) | E78: Mão de Obra | G78: h | H78: 0.04 | I78: 19,02 | J78: 0,76
A79: Insumo | B79: 00005067/SINAPI | C79: ORSE | D79: Prego de aco polido com cabeca 16 x 24 (2 1/4 x 12) | E79: Material | G79: kg | H79: 0.012 | I79: 18,01 | J79: 0,21
A80: Composição | B80: 10551 | C80: ORSE | D80: Encargos Complementares - Carpinteiro | E80: Provisórios | G80: h | H80: 0.04 | I80: 3,71 | J80: 0,14
A81: Insumo | B81: 00000345/SINAPI | C81: ORSE | D81: Arame galvanizado 18 bwg, d = 1,24mm (0,009 kg/m) | E81: Material | G81: kg | H81: 0.02 | I81: 35,89 | J81: 0,71
A82: Insumo | B82: 00006111/SINAPI | C82: ORSE | D82: Servente de obras (horista) | E82: Mão de Obra | G82: h | H82: 0.04 | I82: 14,58 | J82: 0,58
A83: Insumo | B83: 70 | C83: ORSE | D83: Topógrafo - SICRO | E83: Mão de Obra | G83: h | H83: 0.02 | I83: 36,76 | J83: 0,73
A84: Insumo | B84: 00010567/SINAPI | C84: ORSE | D84: Tabua *2,5 x 23* cm em pinus, mista ou equivalente da regiao - bruta | E84: Material | G84: m | H84: 0.11 | I84: 12,27 | J84: 1,34
A85: Detalhamento de Cálculo ORSE
A86: Item | B86: Código | C86: Banco | D86: Descrição | E86: Tipo | G86: Und | H86: Quant. | I86: Valor Unit | J86: Total
A87: Insumo | B87: 941 | C87: ORSE | D87: Fardamento com mangas curta | E87: Material | G87: un | H87: 0.00012 | I87: 195,36 | J87: 0,02
A88: Insumo | B88: 4729 | C88: ORSE | D88: Marreta 1 kg com cabo | E88: Material | G88: un | H88: 4e-06 | I88: 37,80 | J88: 0,00
A89: Insumo | B89: 00012893/SINAPI | C89: ORSE | D89: Bota de seguranca com biqueira de aco e colarinho acolchoado | E89: Material | G89: par | H89: 6e-05 | I89: 67,20 | J89: 0,00
A90: Insumo | B90: 2378 | C90: ORSE | D90: Vale transporte | E90: Material | G90: un | H90: 0.00638 | I90: 4,50 | J90: 0,02
A91: Insumo | B91: 10761 | C91: ORSE | D91: Refeição - café da manhã ( café com leite e dois pães com manteiga) | E91: Serviços | G91: un | H91: 0.008144 | I91: 5,00 | J91: 0,04
A92: Insumo | B92: 00012894/SINAPI | C92: ORSE | D92: Capa para chuva em pvc com forro de poliester, com capuz (amarela ou azul) | E92: Material | G92: un | H92: 1.6e-05 | I92: 18,20 | J92: 0,00
A93: Insumo | B93: 10492 | C93: ORSE | D93: Cesta Básica | E93: Material | G93: un | H93: 0.00036 | I93: 190,00 | J93: 0,06
A94: Insumo | B94: 10517 | C94: ORSE | D94: Exames admissionais/demissionais (checkup) | E94: Serviços | G94: cj | H94: 3.2e-05 | I94: 300,00 | J94: 0,00
A95: Insumo | B95: 00002711/SINAPI | C95: ORSE | D95: Carrinho de mao, em aco, com capacidade de *45 a 65* l / *100* kg, pneu com camara | E95: Material | G95: un | H95: 8e-06 | I95: 175,45 | J95: 0,00
A96: Insumo | B96: 158 | C96: ORSE | D96: Almoço (Participação do empregador) | E96: Material | G96: un | H96: 0.008144 | I96: 14,00 | J96: 0,11
A97: Insumo | B97: 00012895/SINAPI | C97: ORSE | D97: Capacete de seguranca aba frontal com suspensao de polietileno, sem jugular (classe b) | E97: Material | G97: un | H97: 4.8e-05 | I97: 14,00 | J97: 0,00
A98: Insumo | B98: 10788 | C98: ORSE | D98: Pá quadrada | E98: Material | G98: un | H98: 8e-06 | I98: 36,90 | J98: 0,00
... A118: Insumo | B118: 00010567/SINAPI | C118: ORSE | D118: Tabua *2,5 x 23* cm em pinus, mista ou equivalente da regiao - bruta | E118: Material | G118: m | H118: 0.11 | I118: 12,27 | J118: 1,34
E119: MO sem LS => | F119: 2.5 | G119: LS => | H119: 0 | I119: MO com LS => | J119: 2.5
E120: Valor do BDI => | F120: 1.47 | H120: Valor com BDI => | J120: 7.08
G121: Quant. => | H121: 918,22 | I121: Preço Total => | J121: 6500.99
A123: 2.6 | B123: Código | C123: Banco | D123: Descrição | E123: Tipo | G123: Und | H123: Quant. | I123: Valor Unit | J123: Total
A124: Composição | B124: 105118 | C124: SINAPI | D124: TAPUME EM CHAPA DE MADEIRA OSB. AF_03/2024 | E124: Instalações para Canteiros de Obras | G124: m² | H124: 1 | I124: 64.34 | J124: 64.34
A125: Composição Auxiliar | B125: 91693 | C125: SINAPI | D125: SERRA CIRCULAR DE BANCADA COM MOTOR ELÉTRICO POTÊNCIA DE 5HP, COM COIFA PARA DISCO 10" - CHI DIURNO. AF_08/2015 | E125: CHOR - CUSTOS HORÁRIOS DE MÁQUINAS E EQUIPAMENTOS | G125: CHI | H125: 0.0264 | I125: 34.23 | J125: 0.9
A126: Composição Auxiliar | B126: 88262 | C126: SINAPI | D126: CARPINTEIRO DE FORMAS COM ENCARGOS COMPLEMENTARES | E126: SEDI - SERVIÇOS DIVERSOS | G126: H | H126: 0.79 | I126: 25.79 | J126: 20.37
A127: Composição Auxiliar | B127: 88239 | C127: SINAPI | D127: AJUDANTE DE CARPINTEIRO COM ENCARGOS COMPLEMENTARES | E127: SEDI - SERVIÇOS DIVERSOS | G127: H | H127: 0.529 | I127: 21.73 | J127: 11.49
A128: Composição Auxiliar | B128: 94974 | C128: SINAPI | D128: CONCRETO MAGRO PARA LASTRO, TRAÇO 1:4,5:4,5 (EM MASSA SECA DE CIMENTO/ AREIA MÉDIA/ BRITA 1) - PREPARO MANUAL. AF_05/2021 | E128: FUES - FUNDAÇÕES E ESTRUTURAS | G128: m³ | H128: 0.0061 | I128: 691.08 | J128: 4.21
A129: Composição Auxiliar | B129: 91692 | C129: SINAPI | D129: SERRA CIRCULAR DE BANCADA COM MOTOR ELÉTRICO POTÊNCIA DE 5HP, COM COIFA PARA DISCO 10" - CHP DIURNO. AF_08/2015 | E129: CHOR - CUSTOS HORÁRIOS DE MÁQUINAS E EQUIPAMENTOS | G129: CHP | H129: 0.0066 | I129: 35.68 | J129: 0.23
A130: Insumo | B130: 00005061 | C130: SINAPI | D130: PREGO DE ACO POLIDO COM CABECA 18 X 27 (2 1/2 X 10) | E130: Material | G130: KG | H130: 0.068 | I130: 15.85 | J130: 1.07
...

Sheet MEMÓRIA DE CÁLCULO
A2: Ministério do Desenvolvimento Regional - MDR
A3: Companhia de Desenvolvimento dos Vales do São Francisco e do Parnaíba
A5: MEMÓRIA DE CÁLCULO
A7: OBJETO: EXECUÇÃO DE OBRA E SERVIÇOS DE ENGENHARIA PARA CONSTRUÇÃO DE GALPÃO PARA MÚLTIPLOS USOS QUE IRÁ COMPOR ESTRUTURA DO CENTRO DE PRODUÇÃO DE MUDAS/BIOFÁBRICA, SOB A ÁREA DE ATUAÇÃO DA 11ª SUPERINTENDÊNCIA REGIONAL DA CODEVASF
A10: ITEM | B10: SERVIÇO | C10: UND | D10: MEMÓRIA | E10: TOTAL
A11: =SINTÉTICO!A13 -> 1.0 | B11: =SINTÉTICO!D13 -> PROJETO EXECUTIVO
A12: =SINTÉTICO!A14 -> 1.1 | B12: =SINTÉTICO!D14 -> ENGENHEIRO CIVIL DE OBRA PLENO (HORISTA) | C12: =SINTÉTICO!E14 -> H | D12: 10 PRANCHAS x 3,5H POR UNIDADE | E12: =SINTÉTICO!F14 -> 35
A13: =SINTÉTICO!A15 -> 1.2 | B13: =SINTÉTICO!D15 -> LEVANTAMENTO TOPOGRAFICO PLANIALTIMETRICO ATE 1 HECTARE | C13: =SINTÉTICO!E15 -> M² | D13: ÁREA DO TERRENO | E13: =SINTÉTICO!F15 -> 665
A14: =SINTÉTICO!A16 -> 1.3 | B14: =SINTÉTICO!D16 -> SONDAGEM A PERCUSSÃO | C14: =SINTÉTICO!E16 -> M | D14: CONFORME NBR's 8036/1983 e 6484/2020 - 1 FURO/200m - ÁREA 420m² - 10m DE PERFURAÇÃO/FURO (4 FUROS x 10M) | E14: =SINTÉTICO!F16 -> 40
A15: =SINTÉTICO!A17 -> 1.4 | B15: =SINTÉTICO!D17 -> ART DE OBRAS E SERVIÇOS - CREA/AP | C15: =SINTÉTICO!E17 -> UND | D15: ART DOS ESTUDOS PRELIMINARES (SONDAGEM E TOPOGRAFIA) + EXECUÇÃO DA OBRA | E15: =SINTÉTICO!F17 -> 3
A16: =SINTÉTICO!A18 -> 2.0 | B16: =SINTÉTICO!D18 -> SERVIÇOS PRELIMINARES
A17: =SINTÉTICO!A19 -> 2.1 | B17: =SINTÉTICO!D19 -> FORNECIMENTO E INSTALAÇÃO DE PLACA DE OBRA COM CHAPA GALVANIZADA E ESTRUTURA DE MADEIRA. AF_03/2022_PS | C17: =SINTÉTICO!E19 -> M2 | D17: CONFORME MANUAL CODEVASF | E17: =SINTÉTICO!F19 -> 6.48
A18: =SINTÉTICO!A20 -> 2.2 | B18: =SINTÉTICO!D20 -> TAPUME COM TELHA METÁLICA. AF_03/2024 | C18: =SINTÉTICO!E20 -> M2 | D18: CONFORME PROJETO BÁSICO | E18: =SINTÉTICO!F20 -> 196.68
A19: =SINTÉTICO!A21 -> 2.3 | B19: =SINTÉTICO!D21 -> ENTRADA DE ENERGIA ELÉTRICA, AÉREA, TRIFÁSICA, COM CAIXA DE EMBUTIR, CABO DE 10 MM2 E DISJUNTOR DIN 50A (NÃO INCLUSO O POSTE DE CONCRETO). AF_07/2020 | C19: =SINTÉTICO!E21 -> UN | D19: CONFORME PROJETO BÁSICO | E19: =SINTÉTICO!F21 -> 1
A20: =SINTÉTICO!A22 -> 2.4 | B20: =SINTÉTICO!D22 -> INSTALACAO PROVISORIA DE AGUA E ESGOTO | C20: =SINTÉTICO!E22 -> PT | D20: CONFORME PROJETO BÁSICO | E20: =SINTÉTICO!F22 -> 1
A21: =SINTÉTICO!A23 -> 2.5 | B21: =SINTÉTICO!D23 -> BARRACÃO PARA OBRAS DE MÉDIO PORTE REAPROVEITAMENTO 2 VEZES | C21: =SINTÉTICO!E23 -> M2 | D21: CONFORME PROJETO BÁSICO | E21: =SINTÉTICO!F23 -> 20
A22: 2.6 | B22: =SINTÉTICO!D24 -> LOCAÇÃO CONVENCIONAL DE OBRA, UTILIZANDO GABARITO DE TÁBUAS CORRIDAS PONTALETADAS A CADA 2,00M - 2 UTILIZAÇÕES. AF_03/2024 | C22: =SINTÉTICO!E24 -> M | D22: CONFORME PROJETO BÁSICO | E22: =SINTÉTICO!F24 -> 85.4
A23: 2.7 | B23: =SINTÉTICO!D25 -> LIMPEZA MECANIZADA DE CAMADA VEGETAL, VEGETAÇÃO E PEQUENAS ÁRVORES (DIÂMETRO DE TRONCO MENOR QUE 0,20 M), COM TRATOR DE ESTEIRAS | C23: =SINTÉTICO!E25 -> M2 | D23: CONFORME PROJETO BÁSICO | E23: =SINTÉTICO!F25 -> 450
A24: =SINTÉTICO!A26 -> 3.0 | B24: =SINTÉTICO!D26 -> ADMINISTRAÇÃO LOCAL
A25: =SINTÉTICO!A27 -> 3.1 | B25: =SINTÉTICO!D27 -> ALMOXARIFE COM ENCARGOS COMPLEMENTARES | C25: =SINTÉTICO!E27 -> MÊS | D25: 4 MESES DE EXECUÇÃO DE OBRA | E25: =SINTÉTICO!F27 -> 4
A26: =SINTÉTICO!A28 -> 3.2 | B26: =SINTÉTICO!D28 -> ENCARREGADO GERAL DE OBRAS COM ENCARGOS COMPLEMENTARES | C26: =SINTÉTICO!E28 -> MÊS | D26: 4 MESES DE EXECUÇÃO DE OBRA | E26: =SINTÉTICO!F28 -> 4
A27: =SINTÉTICO!A29 -> 3.3 | B27: =SINTÉTICO!D29 -> ENGENHEIRO CIVIL DE OBRA PLENO COM ENCARGOS COMPLEMENTARES | C27: =SINTÉTICO!E29 -> H | D27: 2H DIÁRIAS x 5 DIAS POR SEMANA x 4 SEMANAS POR MÊS x 4 MESES DE OBRA | E27: =SINTÉTICO!F29 -> 160
A28: =SINTÉTICO!A30 -> 4.0 | B28: =SINTÉTICO!D30 -> MOVIMENTO DE TERRA
A29: =SINTÉTICO!A31 -> 4.1 | B29: =SINTÉTICO!D31 -> ESCAVAÇÃO MECANIZADA PARA VIGA BALDRAME OU SAPATA CORRIDA COM MINI-ESCAVADEIRA (INCLUINDO ESCAVAÇÃO PARA COLOCAÇÃO DE FÔRMAS). AF_01/2024 | C29: =SINTÉTICO!E31 -> M3 | D29: CONFORME PROJETO BÁSICO | E29: =SINTÉTICO!F31 -> 23.47
A30: =SINTÉTICO!A32 -> 4.2 | B30: =SINTÉTICO!D32 -> PREPARO DE FUNDO DE VALA COM LARGURA MAIOR OU IGUAL A 1,5 M E MENOR QUE 2,5 M (ACERTO DO SOLO NATURAL). AF_08/2020 | C30: =SINTÉTICO!E32 -> M2 | D30: CONFORME PROJETO BÁSICO | E30: =SINTÉTICO!F32 -> 10.145
A31: =SINTÉTICO!A33 -> 4.3 | B31: =SINTÉTICO!D33 -> PREPARO DE FUNDO DE VALA COM LARGURA MENOR QUE 1,5 M (ACERTO DO SOLO NATURAL). AF_08/2020 | C31: =SINTÉTICO!E33 -> M2 | D31: CONFORME PROJETO BÁSICO | E31: =SINTÉTICO!F33 -> 7.95
A32: =SINTÉTICO!A34 -> 4.4 | B32: =SINTÉTICO!D34 -> REATERRO MECANIZADO DE VALA COM RETROESCAVADEIRA (CAPACIDADE DA CAÇAMBA DA RETRO: 0,26 M³/POTÊNCIA: 88 HP), LARGURA 0,8 A 1,5 M, PROFUNDIDADE 1,5 A 3,0 M, COM SOLO (SEM SUBSTITUIÇÃO) DE 1ª CATEGORIA E COMPACTADOR DE SOLOS DE PERCUSSÃO. AF_08/2023 | C32: =SINTÉTICO!E34 -> M3 | D32: CONFORME PROJETO BÁSICO | E32: =SINTÉTICO!F34 -> 20.8
A33: =SINTÉTICO!A35 -> 5.0 | B33: =SINTÉTICO!D35 -> CONSTRUÇÃO CIVIL
A34: =SINTÉTICO!A36 -> 5.1 | B34: =SINTÉTICO!D36 -> COMPACTAÇÃO MECÂNICA DE SOLO PARA EXECUÇÃO DE RADIER, PISO DE CONCRETO OU LAJE SOBRE SOLO, COM COMPACTADOR DE SOLOS A PERCUSSÃO. AF_09/2021 | C34: =SINTÉTICO!E36 -> M2 | D34: CONFORME PROJETO BÁSICO | E34: =SINTÉTICO!F36 -> 400
A35: =SINTÉTICO!A37 -> 5.2 | B35: =SINTÉTICO!D37 -> EXECUÇÃO DE PISO INDUSTRIAL DE CONCRETO ARMADO, FCK = 20 MPA, ESPESSURA DE 12,0 CM. AF_04/2022 | C35: =SINTÉTICO!E37 -> M2 | D35: CONFORME PROJETO BÁSICO | E35: =SINTÉTICO!F37 -> 400
A36: =SINTÉTICO!A38 -> 5.3 | B36: =SINTÉTICO!D38 -> TRATAMENTO DE JUNTA DE DILATAÇÃO, COM TARUGO DE POLIETILENO E SELANTE PU, INCLUSO PREENCHIMENTO COM ESPUMA EXPANSIVA PU. AF_09/2023 | C36: =SINTÉTICO!E38 -> M | D36: CONFORME PROJETO BÁSICO | E36: =SINTÉTICO!F38 -> 85
A37: =SINTÉTICO!A39 -> 5.4 | B37: =SINTÉTICO!D39 -> ALVENARIA DE VEDAÇÃO DE BLOCOS VAZADOS DE CONCRETO APARENTE DE 14X19X39 CM (ESPESSURA 14 CM) E ARGAMASSA DE ASSENTAMENTO COM PREPARO EM BETONEIRA. AF_12/2021 | C37: =SINTÉTICO!E39 -> M2 | D37: CONFORME PROJETO BÁSICO | E37: =SINTÉTICO!F39 -> 545
A38: =SINTÉTICO!A40 -> 5.5 | B38: =SINTÉTICO!D40 -> TELHAMENTO COM TELHA DE AÇO/ALUMÍNIO E = 0,5 MM, COM ATÉ 2 ÁGUAS, INCLUSO IÇAMENTO. AF_07/2019 | C38: =SINTÉTICO!E40 -> M2 | D38: CONFORME PROJETO BÁSICO | E38: =SINTÉTICO!F40 -> 509
A39: =SINTÉTICO!A41 -> 5.6 | B39: =SINTÉTICO!D41 -> CALHA EM CHAPA DE AÇO GALVANIZADO NÚMERO 24, DESENVOLVIMENTO DE 50 CM, INCLUSO TRANSPORTE VERTICAL. AF_07/2019 | C39: =SINTÉTICO!E41 -> M | D39: CONFORME PROJETO BÁSICO | E39: =SINTÉTICO!F41 -> 60
A40: =SINTÉTICO!A42 -> 5.7 | B40: =SINTÉTICO!D42 -> CUMEEIRA NORMAL PARA TELHA TRAPEZOIDAL DE AÇO, E = 0,5 MM, INCLUSO ACESSÓRIOS DE FIXAÇÃO E IÇAMENTO. AF_07/2019 | C40: =SINTÉTICO!E42 -> M | D40: CONFORME PROJETO BÁSICO | E40: =SINTÉTICO!F42 -> 30
A41: =SINTÉTICO!A43 -> 5.8 | B41: =SINTÉTICO!D43 -> PORTA DE ENROLAR MANUAL COMPLETA, ARTICULADA RAIADA LARGA, EM ACO GALVANIZADO NATURAL, CHAPA NUMERO 24 (SEM INSTALACAO) | C41: =SINTÉTICO!E43 -> M2 | D41: CONFORME PROJETO BÁSICO | E41: =SINTÉTICO!F43 -> 21
A42: =SINTÉTICO!A44 -> 5.9 | B42: =SINTÉTICO!D44 -> SERVENTE COM ENCARGOS COMPLEMENTARES - PARA EXECUÇÃO E INSTALAÇÃO DA PORTA DE ENROLAR | C42: =SINTÉTICO!E44 -> H | D42: CONFORME PROJETO BÁSICO | E42: =SINTÉTICO!F44 -> 2
A43: =SINTÉTICO!A45 -> 5.10 | B43: =SINTÉTICO!D45 -> PEDREIRO COM ENCARGOS COMPLEMENTARES - PARA EXECUÇÃO E INSTALAÇÃO DA PORTA DE ENROLAR | C43: =SINTÉTICO!E45 -> H | D43: CONFORME PROJETO BÁSICO | E43: =SINTÉTICO!F45 -> 1
A44: =SINTÉTICO!A46 -> 6.0 | B44: =SINTÉTICO!D46 -> FUNDAÇÃO - ESTRUTURAS DE CONCRETO ARMADO
A45: =SINTÉTICO!A47 -> 6.1 | B45: =SINTÉTICO!D47 -> LASTRO DE CONCRETO MAGRO, APLICADO EM BLOCOS DE COROAMENTO OU SAPATAS, ESPESSURA DE 5 CM. AF_01/2024 | C45: =SINTÉTICO!E47 -> M2 | D45: CONFORME PROJETO BÁSICO | E45: =SINTÉTICO!F47 -> 18.095
A46: =SINTÉTICO!A48 -> 6.2 | B46: =SINTÉTICO!D48 -> FABRICAÇÃO, MONTAGEM E DESMONTAGEM DE FÔRMA PARA SAPATA, EM MADEIRA SERRADA, E=25 MM, 4 UTILIZAÇÕES. AF_01/2024 | C46: =SINTÉTICO!E48 -> M2 | D46: CONFORME PROJETO BÁSICO | E46: =SINTÉTICO!F48 -> 41.28
A47: =SINTÉTICO!A49 -> 6.3 | B47: =SINTÉTICO!D49 -> MONTAGEM E DESMONTAGEM DE FÔRMA DE PILARES RETANGULARES E ESTRUTURAS SIMILARES, PÉ-DIREITO SIMPLES, EM MADEIRA SERRADA, 4 UTILIZAÇÕES. AF_09/2020 | C47: =SINTÉTICO!E49 -> M2 | D47: CONFORME PROJETO BÁSICO | E47: =SINTÉTICO!F49 -> 40.96
A48: =SINTÉTICO!A50 -> 6.4 | B48: =SINTÉTICO!D50 -> FABRICAÇÃO, MONTAGEM E DESMONTAGEM DE FÔRMA PARA VIGA BALDRAME, EM MADEIRA SERRADA, E=25 MM, 4 UTILIZAÇÕES. AF_01/2024 | C48: =SINTÉTICO!E50 -> M2 | D48: CONFORME PROJETO BÁSICO | E48: =SINTÉTICO!F50 -> 68.44
A49: =SINTÉTICO!A51 -> 6.5 | B49: =SINTÉTICO!D51 -> ARMAÇÃO DE SAPATA ISOLADA, VIGA BALDRAME E SAPATA CORRIDA UTILIZANDO AÇO CA-50 DE 10 MM - MONTAGEM. AF_01/2024 | C49: =SINTÉTICO!E51 -> KG | D49: CONFORME PROJETO BÁSICO | E49: =SINTÉTICO!F51 -> 745.4594
A50: =SINTÉTICO!A52 -> 6.6 | B50: =SINTÉTICO!D52 -> ARMAÇÃO DE PILAR OU VIGA DE ESTRUTURA CONVENCIONAL DE CONCRETO ARMADO UTILIZANDO AÇO CA-50 DE 12,5 MM - MONTAGEM. AF_06/2022 | C50: =SINTÉTICO!E52 -> KG | D50: CONFORME PROJETO BÁSICO | E50: =SINTÉTICO!F52 -> 199.7262
A51: =SINTÉTICO!A53 -> 6.7 | B51: =SINTÉTICO!D53 -> ARMAÇÃO DE PILAR OU VIGA DE ESTRUTURA CONVENCIONAL DE CONCRETO ARMADO UTILIZANDO AÇO CA-60 DE 5,0 MM - MONTAGEM. AF_06/2022 | C51: =SINTÉTICO!E53 -> KG | D51: CONFORME PROJETO BÁSICO | E51: =SINTÉTICO!F53 -> 88.2112
A52: =SINTÉTICO!A54 -> 6.8 | B52: =SINTÉTICO!D54 -> ARMAÇÃO DE BLOCO, SAPATA ISOLADA, VIGA BALDRAME E SAPATA CORRIDA UTILIZANDO AÇO CA-50 DE 12,5 MM - MONTAGEM. AF_01/2024 | C52: =SINTÉTICO!E54 -> KG | D52: CONFORME PROJETO BÁSICO | E52: =SINTÉTICO!F54 -> 147.339
A53: =SINTÉTICO!A55 -> 6.9 | B53: =SINTÉTICO!D55 -> ARMAÇÃO DE BLOCO, SAPATA ISOLADA, VIGA BALDRAME E SAPATA CORRIDA UTILIZANDO AÇO CA-50 DE 16 MM - MONTAGEM. AF_01/2024 | C53: =SINTÉTICO!E55 -> KG | D53: CONFORME PROJETO BÁSICO | E53: =SINTÉTICO!F55 -> 75.744
A54: =SINTÉTICO!A56 -> 6.10 | B54: =SINTÉTICO!D56 -> ARMAÇÃO DE SAPATA ISOLADA, VIGA BALDRAME E SAPATA CORRIDA UTILIZANDO AÇO CA-60 DE 5 MM - MONTAGEM. AF_01/2024 | C54: =SINTÉTICO!E56 -> KG | D54: CONFORME PROJETO BÁSICO | E54: =SINTÉTICO!F56 -> 59.4
A55: =SINTÉTICO!A57 -> 6.11 | B55: =SINTÉTICO!D57 -> CONCRETAGEM DE SAPATA, FCK 30 MPA, COM USO DE BOMBA - LANÇAMENTO, ADENSAMENTO E ACABAMENTO.AF_01/2024 | C55: =SINTÉTICO!E57 -> M3 | D55: CONFORME PROJETO BÁSICO | E55: =SINTÉTICO!F57 -> 20.312
A56: =SINTÉTICO!A58 -> 6.12 | B56: =SINTÉTICO!D58 -> CONCRETAGEM DE BLOCO DE COROAMENTO OU VIGA BALDRAME, FCK 30 MPA, COM USO DE BOMBA - LANÇAMENTO, ADENSAMENTO E ACABAMENTO. AF_01/2024 | C56: =SINTÉTICO!E58 -> M3 | D56: CONFORME PROJETO BÁSICO | E56: =SINTÉTICO!F58 -> 5.124
A57: =SINTÉTICO!A59 -> 7.0 | B57: =SINTÉTICO!D59 -> ESTRUTURAS METÁLICAS
A58: =SINTÉTICO!A60 -> 7.1 | B58: =SINTÉTICO!D60 -> FABRICACAO E MONTAGEM DE ESTRUTURA METALICA, INCLUINDO PRIMER ANTI-CORROSIVO,SEM FORNECIMENTODE MATERIAL | C58: =SINTÉTICO!E60 -> KG | D58: CONFORME PROJETO BÁSICO | E58: =SINTÉTICO!F60 -> 5858.12
A59: =SINTÉTICO!A61 -> 7.2 | B59: =SINTÉTICO!D61 -> PERFIL "I" OU "W" EM ACO LAMINADO, QUAISQUER DIMENSOES | C59: =SINTÉTICO!E61 -> KG | D59: CONFORME PROJETO BÁSICO | E59: =SINTÉTICO!F61 -> 4862.5
A60: =SINTÉTICO!A62 -> 7.3 | B60: =SINTÉTICO!D62 -> ESTRUTURA TRELICADA DE COBERTURA, TIPO FINK, COM LIGACOES SOLDADAS, INCLUSOS PERFIS METALICOS, CHAPAS METALICAS, MAO DE OBRA E TRANSPORTE COM GUINDASTE - FORNECIMENTO E INSTALACAO | C60: =SINTÉTICO!E62 -> KG | D60: CONFORME PROJETO BÁSICO | E60: =SINTÉTICO!F62 -> 5303.39
A61: =SINTÉTICO!A63 -> 7.4 | B61: =SINTÉTICO!D63 -> PINTURA COM TINTA ALQUÍDICA DE FUNDO E ACABAMENTO (ESMALTE SINTÉTICO GRAFITE) APLICADA A ROLO OU PINCEL SOBRE SUPERFÍCIES METÁLICAS (EXCETO PERFIL) EXECUTADO EM OBRA (POR DEMÃO). AF_01/2020 | C61: =SINTÉTICO!E63 -> M2 | D61: CONFORME PROJETO BÁSICO | E61: =SINTÉTICO!F63 -> 298.56
A62: =SINTÉTICO!A64 -> 7.5 | B62: =SINTÉTICO!D64 -> CHAPA GROSSA EM AÇO ASTM A36 | C62: =SINTÉTICO!E64 -> KG | D62: CONFORME PROJETO BÁSICO | E62: =SINTÉTICO!F64 -> 1098
A63: =SINTÉTICO!A65 -> 8.0 | B63: =SINTÉTICO!D65 -> SERVIÇOS DIVERSOS
A64: =SINTÉTICO!A66 -> 8.1 | B64: =SINTÉTICO!D66 -> IMPERMEABILIZAÇÃO DE SUPERFÍCIE COM EMULSÃO ASFÁLTICA, 2 DEMÃOS. AF_09/2023 | C64: =SINTÉTICO!E66 -> M2 | D64: CONFORME PROJETO BÁSICO | E64: =SINTÉTICO!F66 -> 211.22
A65: =SINTÉTICO!A67 -> 8.2 | B65: =SINTÉTICO!D67 -> LOCACAO DE ANDAIME METALICO TUBULAR DE ENCAIXE, TIPO DE TORRE, CADA PAINEL COM LARGURA DE 1 ATE 1,5 M E ALTURA DE *1,00* M, INCLUINDO DIAGONAL, BARRAS DE LIGACAO, SAPATAS OU RODIZIOS E DEMAIS ITENS NECESSARIOS A MONTAGEM (NAO INCLUI INSTALACAO) | C65: =SINTÉTICO!E67 -> MXMES | D65: 30m por 03 meses | E65: =SINTÉTICO!F67 -> 90
A66: =SINTÉTICO!A68 -> 9.0 | B66: =SINTÉTICO!D68 -> INSTALAÇÃO ELÉTRICA
A67: =SINTÉTICO!A69 -> 9.1 | B67: =SINTÉTICO!D69 -> ELETRICISTA COM ENCARGOS COMPLEMENTARES | C67: =SINTÉTICO!E69 -> H | D67: 4H DIÁRIAS x 5 DIAS | E67: =SINTÉTICO!F69 -> 20
A68: =SINTÉTICO!A70 -> 9.2 | B68: =SINTÉTICO!D70 -> AUXILIAR DE ELETRICISTA COM ENCARGOS COMPLEMENTARES | C68: =SINTÉTICO!E70 -> H | D68: 8H DIÁRIAS x 5 DIAS | E68: =SINTÉTICO!F70 -> 40
A69: =SINTÉTICO!A71 -> 9.3 | B69: =SINTÉTICO!D71 -> CABO DE COBRE, FLEXIVEL, CLASSE 4 OU 5, ISOLACAO EM PVC/A, ANTICHAMA BWF-B, COBERTURA PVC-ST1, ANTICHAMA BWF-B, 1 CONDUTOR, 0,6/1 KV, SECAO NOMINAL 2,5 MM2 | C69: =SINTÉTICO!E71 -> M | D69: CONFORME PROJETO BÁSICO | E69: =SINTÉTICO!F71 -> 520
A70: =SINTÉTICO!A72 -> 9.4 | B70: =SINTÉTICO!D72 -> INTERRUPTOR SIMPLES + INTERRUPTOR PARALELO 10A, 250V, CONJUNTO MONTADO PARA EMBUTIR 4" X 2" (PLACA + SUPORTE + MODULOS) | C70: =SINTÉTICO!E72 -> UN | D70: CONFORME PROJETO BÁSICO | E70: =SINTÉTICO!F72 -> 1
A71: =SINTÉTICO!A73 -> 9.5 | B71: =SINTÉTICO!D73 -> TOMADA 2P+T 10A, 250V, CONJUNTO MONTADO PARA SOBREPOR 4" X 2" (CAIXA + MODULO) | C71: =SINTÉTICO!E73 -> UN | D71: CONFORME PROJETO BÁSICO | E71: =SINTÉTICO!F73 -> 4
A72: =SINTÉTICO!A74 -> 9.6 | B72: =SINTÉTICO!D74 -> DISJUNTOR TERMOMAGNETICO PARA TRILHO DIN (IEC), MONOPOLAR, 6 - 32 A | C72: =SINTÉTICO!E74 -> UN | D72: CONFORME PROJETO BÁSICO | E72: =SINTÉTICO!F74 -> 2
A73: =SINTÉTICO!A75 -> 9.7 | B73: =SINTÉTICO!D75 -> DISJUNTOR TERMOMAGNETICO PARA TRILHO DIN (IEC), MONOPOLAR, 40 - 50 A | C73: =SINTÉTICO!E75 -> UN | D73: CONFORME PROJETO BÁSICO | E73: =SINTÉTICO!F75 -> 1
A74: =SINTÉTICO!A76 -> 9.8 | B74: =SINTÉTICO!D76 -> DISPOSITIVO DPS CLASSE II, 1 POLO, TENSAO MAXIMA DE 175 V, CORRENTE MAXIMA DE *20* KA (TIPO AC) | C74: =SINTÉTICO!E76 -> UN | D74: CONFORME PROJETO BÁSICO | E74: =SINTÉTICO!F76 -> 1
A75: =SINTÉTICO!A77 -> 9.9 | B75: =SINTÉTICO!D77 -> DISPOSITIVO DR, 2 POLOS, SENSIBILIDADE DE 30 MA, CORRENTE DE 25 A, TIPO AC | C75: =SINTÉTICO!E77 -> UN | D75: CONFORME PROJETO BÁSICO | E75: =SINTÉTICO!F77 -> 3
A76: =SINTÉTICO!A78 -> 9.10 | B76: =SINTÉTICO!D78 -> ELETRODUTO EM ACO GALVANIZADO ELETROLITICO, LEVE, DIAMETRO 1", PAREDE DE 0,90MM | C76: =SINTÉTICO!E78 -> M | D76: CONFORME PROJETO BÁSICO | E76: =SINTÉTICO!F78 -> 120
A77: =SINTÉTICO!A79 -> 9.11 | B77: =SINTÉTICO!D79 -> CONDULETE DE ALUMINIO TIPO X, PARA ELETRODUTO ROSCAVEL DE 1", COM TAMPA CEGA | C77: =SINTÉTICO!E79 -> UN | D77: CONFORME PROJETO BÁSICO | E77: =SINTÉTICO!F79 -> 19
A78: =SINTÉTICO!A80 -> 9.12 | B78: =SINTÉTICO!D80 -> QUADRO DE DISTRIBUICAO, SEM BARRAMENTO, EM PVC, DE SOBREPOR, PARA 6 DISJUNTORES NEMA OU 8 DISJUNTORES DIN | C78: =SINTÉTICO!E80 -> UN | D78: CONFORME PROJETO BÁSICO | E78: =SINTÉTICO!F80 -> 1
... A83: =SINTÉTICO!A85 -> 9.17 | B83: =SINTÉTICO!D85 -> LUMINÁRIA PÚBLICA (TIPO: LED|POTÊNCIA: 300W|LÚMENS: 33000LM|COR DA LUZ: BRANCA|TEMPERATURA DA COR: 6000K-6500K|GRAU DE PROTEÇÃO: IP66|TENSÃO: 127/220V) | C83: =SINTÉTICO!E85 -> UN | D83: CONFORME PROJETO BÁSICO | E83: =SINTÉTICO!F85 -> 12
A84: =SINTÉTICO!A86 -> 10.0 | B84: =SINTÉTICO!D86 -> LIMPEZA FINAL DE OBRA
A85: =SINTÉTICO!A87 -> 10.1 | B85: =SINTÉTICO!D87 -> LIMPEZA FINAL DE OBRAS | C85: =SINTÉTICO!E87 -> M2 | D85: CONFORME PROJETO BÁSICO | E85: =SINTÉTICO!F87 -> 400
A86: =SINTÉTICO!A89 -> VALOR GLOBAL COM BDI | D86: =SINTÉTICO!J89 -> 729485.1

Sheet BDI
D2: Ministério do Desenvolvimento Regional - MDR | Q2: DETALHAMENTO DO BDI
D3: Companhia de Desenvolvimento dos Vales do São Francisco e do Parnaíba
Q4: Item | R4: Descrição dos Serviços | S4: % | T4: %
A5: DETALHAMENTO DO BDI | S5: PV | T5: CD
A6: Serviços
B7: 1 | C7: Administração Central | L7: 0.04 | Q7: 1 | R7: ADMINISTRAÇÃO CENTRAL | T7: 4
B9: 2 | C9: Impostos e Taxas (I) | L9: 0.0865
B10: 2.1 | C10: ISS | L10: 0.05 | N10: ALTERAR CONFORME MUNICÍPIO
B11: 2.2 | C11: PIS | L11: 0.0065 | N11: CONSTANTES
B12: 2.3 | C12: COFINS | L12: 0.03 | Q12: 2 | R12: IMPOSTOS E TAXAS | S12: =SUM(S13:S15) -> 8.65
Q13: 2.1 | R13: ISS | S13: 5
B14: 3 | C14: Seguro + Garantia | L14: 0.008 | Q14: 2.2 | R14: PIS | S14: 0.65
Q15: 2.3 | R15: Cofins | S15: 3
B16: 4 | C16: Risco | L16: 0.0127
Q17: 3 | R17: TAXA DE RISCO | T17: =SUM(T18:T20) -> 2.07
B18: 5 | C18: Despesa Financeira | L18: 0.0123 | Q18: 3.1 | R18: SEGURO | T18: 0.4
Q19: 3.2 | R19: RISCO | T19: 1.27
B20: 6 | C20: Lucro | L20: 0.074 | Q20: 3.2 | R20: GARANTIA | T20: 0.4
B22: BDI (%) | L22: 0.2624 | Q22: 4 | R22: DESPESAS FINANCEIRAS | T22: 1.23
Q24: 5 | R24: LUCRO | T24: 7.4
A25: Notas: | C25: O local da obra não foi de fato decidido, desse modo optou-se pela maior aliquota do ISS. Contudo a depender do local de construção poderá ter readequação do valor percentual.
R26: BDI - CALCULADO | T26: =ROUND((((1+(T7%+T18%+T19%+T20%))*(1+T22%)*(1+T24%)/(1-S12%))-(1))*100,2) -> 26.24
Q29: BDI (CALCULADO): | S29: =ROUND((((1+((T7+T17)/100))*(1+T22/100)*(1+T24/100))/(1-S12/100)-1)*100,2) -> 26.24
Q31: Para o preenchimento da proposta deve-se utilizar o valor de ISS da Prefeitura Local.
Q32: Acordão 2622/20213

Sheet CRONOGRAMA
C2: Ministério do Desenvolvimento Regional - MDR
C3: Companhia de Desenvolvimento dos Vales do São Francisco e do Parnaíba
A5: CRONOGRAMA FÍSICO FINANCEIRO
A7: OBJETO: EXECUÇÃO DE OBRA E SERVIÇOS DE ENGENHARIA PARA CONSTRUÇÃO DE GALPÃO PARA MÚLTIPLOS USOS QUE IRÁ COMPOR ESTRUTURA DO CENTRO DE PRODUÇÃO DE MUDAS/BIOFÁBRICA, SOB A ÁREA DE ATUAÇÃO DA 11ª SUPERINTENDÊNCIA REGIONAL DA CODEVASF
A10: Nº | B10: DESCRIÇÃO | C10: VALOR | D10: DIAS | E10: DIAS | F10: DIAS | G10: DIAS | H10: DIAS
D11: 30 | E11: =D11+30 -> 60 | F11: =E11+30 -> 90 | G11: =F11+30 -> 120 | H11: =G11+30 -> 150
A12: =SINTÉTICO!A13 -> 1.0 | B12: =SINTÉTICO!D13 -> PROJETO EXECUTIVO | C12: =SINTÉTICO!L13 -> 11024.53 | D12: =$C$12*D13 -> 11024.53 | E12: =$C$12*E13 -> 0 | F12: =$C$12*F13 -> 0 | G12: =$C$12*G13 -> 0 | H12: =$C$12*H13 -> 0 | I12: =SUM(D12:H12)-C12 -> 0
C13: 1 | D13: 1 | E13: 0 | I13: =SUM(D13:H13)-C13 -> 0
A14: =SINTÉTICO!A18 -> 2.0 | B14: =SINTÉTICO!D18 -> SERVIÇOS PRELIMINARES | C14: =SINTÉTICO!L18 -> 45830.94 | D14: =$C$14*D15 -> 0 | E14: =$C$14*E15 -> 45830.94 | F14: =$C$14*F15 -> 0 | G14: =$C$14*G15 -> 0 | H14: =$C$14*H15 -> 0 | I14: =SUM(D14:H14)-C14 -> 0
C15: 1 | E15: 1 | F15: 0 | I15: =SUM(D15:H15)-C15 -> 0
A16: =SINTÉTICO!A26 -> 3.0 | B16: =SINTÉTICO!D26 -> ADMINISTRAÇÃO LOCAL | C16: =SINTÉTICO!L26 -> 72914.25 | D16: =$C$16*D17 -> 0 | E16: =$C$16*E17 -> 10937.137 | F16: =$C$16*F17 -> 25519.987 | G16: =$C$16*G17 -> 25519.987 | H16: =$C$16*H17 -> 10937.137 | I16: =SUM(D16:H16)-C16 -> 0
C17: 1 | E17: 0.15 | F17: 0.35 | G17: 0.35 | H17: 0.15 | I17: =SUM(D17:H17)-C17 -> 0
A18: =SINTÉTICO!A30 -> 4.0 | B18: =SINTÉTICO!D30 -> MOVIMENTO DE TERRA | C18: =SINTÉTICO!L30 -> 2127.44 | D18: =$C$18*D19 -> 0 | E18: =$C$18*E19 -> 2127.44 | F18: =$C$18*F19 -> 0 | G18: =$C$18*G19 -> 0 | H18: =$C$18*H19 -> 0 | I18: =SUM(D18:H18)-C18 -> 0
C19: 1 | E19: 1 | F19: 0 | I19: =SUM(D19:H19)-C19 -> 0
A20: =SINTÉTICO!A35 -> 5.0 | B20: =SINTÉTICO!D35 -> CONSTRUÇÃO CIVIL | C20: =SINTÉTICO!L35 -> 224679.62 | D20: =$C$20*D21 -> 0 | E20: =$C$20*E21 -> 0 | F20: =$C$20*F21 -> 33701.943 | G20: =$C$20*G21 -> 146041.75 | H20: =$C$20*H21 -> 44935.924 | I20: =SUM(D20:H20)-C20 -> 0
C21: 1 | F21: 0.15 | G21: 0.65 | H21: 0.2 | I21: =SUM(D21:H21)-C21 -> 0
A22: =SINTÉTICO!A46 -> 6.0 | B22: =SINTÉTICO!D46 -> FUNDAÇÃO - ESTRUTURAS DE CONCRETO ARMADO | C22: =SINTÉTICO!L46 -> 81260.95 | D22: =$C$22*D23 -> 0 | E22: =$C$22*E23 -> 30472.856 | F22: =$C$22*F23 -> 50788.094 | G22: =$C$22*G23 -> 0 | H22: =$C$22*H23 -> 0 | I22: =SUM(D22:H22)-C22 -> 0
C23: 1 | E23: 0.375 | F23: 0.625 | G23: 0 | H23: 0 | I23: =SUM(D23:H23)-C23 -> 0
A24: =SINTÉTICO!A59 -> 7.0 | B24: =SINTÉTICO!D59 -> ESTRUTURAS METÁLICAS | C24: =SINTÉTICO!L59 -> 249560.38 | D24: =$C$24*D25 -> 0 | E24: =$C$24*E25 -> 0 | F24: =$C$24*F25 -> 12478.019 | G24: =$C$24*G25 -> 224604.34 | H24: =$C$24*H25 -> 12478.019 | I24: =SUM(D24:H24)-C24 -> 0
C25: 1 | F25: 0.05 | G25: 0.9 | H25: 0.05 | I25: =SUM(D25:H25)-C25 -> 0
A26: =SINTÉTICO!A65 -> 8.0 | B26: =SINTÉTICO!D65 -> SERVIÇOS DIVERSOS | C26: =SINTÉTICO!L65 -> 17369.94 | D26: =$C$26*D27 -> 0 | E26: =$C$26*E27 -> 0 | F26: =$C$26*F27 -> 6947.976 | G26: =$C$26*G27 -> 5210.982 | H26: =$C$26*H27 -> 5210.982 | I26: =SUM(D26:H26)-C26 -> 0
C27: 1 | F27: 0.4 | G27: 0.3 | H27: 0.3 | I27: =SUM(D27:H27)-C27 -> 0
A28: =SINTÉTICO!A68 -> 9.0 | B28: =SINTÉTICO!D68 -> INSTALAÇÃO ELÉTRICA | C28: =SINTÉTICO!L68 -> 9856.08 | D28: =$C$30*D29 -> 0 | E28: =$C$30*E29 -> 0 | F28: =$C$30*F29 -> 0 | G28: =$C$30*G29 -> 0 | H28: =$C$28*H29 -> 9856.08 | I28: =SUM(D28:H28)-C28 -> 0
C29: 1 | H29: 1 | I29: =SUM(D29:H29)-C29 -> 0
A30: =SINTÉTICO!A86 -> 10.0 | B30: =SINTÉTICO!D86 -> LIMPEZA FINAL DE OBRA | C30: =SINTÉTICO!L86 -> 14860.97 | D30: =$C$30*D31 -> 0 | E30: =$C$30*E31 -> 0 | F30: =$C$30*F31 -> 0 | G30: =$C$30*G31 -> 0 | H30: =$C$30*H31 -> 14860.97 | I30: =SUM(D30:H30)-C30 -> 0
C31: 1 | H31: 1 | I31: =SUM(D31:H31)-C31 -> 0
A32: Desembolso Mensal Unitário (Com BDI) | C32: =ROUND(SUM(C12+C14+C16+C18+C20+C22+C24+C26+C30+C28),2) -> 729485.1 | D32: =ROUND(SUM(D12+D14+D16+D18+D20+D22+D24+D26+D30+D28),2) -> 11024.53 | E32: =ROUND(SUM(E12+E14+E16+E18+E20+E22+E24+E26+E30+E28),2) -> 89368.37 | F32: =ROUND(SUM(F12+F14+F16+F18+F20+F22+F24+F26+F30+F28),2) -> 129436.02 | G32: =ROUND(SUM(G12+G14+G16+G18+G20+G22+G24+G26+G30+G28),2) -> 401377.06 | H32: =ROUND(SUM(H12+H14+H16+H18+H20+H22+H24+H26+H30+H28),2) -> 98279.11 | I32: =SUM(D32:H32)-C32 -> -0.01
A33: Desembolso Mensal Global (Com BDI) | C33: =RESUMO!L22 -> 729485.1 | D33: =TRUNC(D32,3) -> 11024.53 | E33: =TRUNC(E32,3) -> 89368.37 | F33: =TRUNC(F32,3) -> 129436.02 | G33: =TRUNC(G32,3) -> 401377.06 | H33: =TRUNC(H32,3) -> 98279.11 | I33: =SUM(D33:H33)-C33 -> -0.01
A34: Total Mensal (%) | C34: 1 | D34: 0.016658 | E34: 0.122317 | F34: 0.161781 | G34: 0.503229 | H34: 0.202866 | I34: =SUM(D34:H34)-C34 -> 0.006851
A35: Total Acumulado | C35: =C33 -> 729485.1 | D35: =D33 -> 11024.53 | E35: =E33+D35 -> 100392.9 | F35: =F33+E35 -> 229828.92 | G35: =G33+F35 -> 631205.98 | H35: =H33+G35+0.01 -> 729485.1 | I35: =C35-H35 -> 0
A36: Total Acumulado (%) | C36: 1 | D36: =D34 -> 0.016658 | E36: =ROUND(E34+D36,2) -> 0.14 | F36: =ROUND(F34+E36,2) -> 0.3 | G36: =ROUND(G34+F36,2) -> 0.8 | H36: =ROUND(H34+G36,2) -> 1 | I36: =C36-H36 -> 0
D39: =(D32/$C$32)*100 -> 1.5112756 | E39: =(E32/$C$32)*100 -> 12.250884 | F39: =(F32/$C$32)*100 -> 17.743477 | G39: =(G32/$C$32)*100 -> 55.021968 | H39: =(H32/$C$32)*100 -> 13.472394

Sheet DIAG. GANTT
E1: 30 DIAS | K1: 60 DIAS | Q1: 90 DIAS | W1: 120 DIAS | AC1: 150 DIAS
A2: CADA BARRA SÃO 05 DIAS
E4: =RESUMO!D12 -> PROJETO EXECUTIVO
K5: =RESUMO!D13 -> SERVIÇOS PRELIMINARES
K6: =RESUMO!D14 -> ADMINISTRAÇÃO LOCAL
M7: =RESUMO!D15 -> MOVIMENTO DE TERRA
N8: =RESUMO!D17 -> FUNDAÇÃO - ESTRUTURAS DE CONCRETO ARMADO
V9: =RESUMO!D16 -> CONSTRUÇÃO CIVIL
V10: =RESUMO!D18 -> ESTRUTURAS METÁLICAS
V11: =RESUMO!D19 -> SERVIÇOS DIVERSOS
AH12: =RESUMO!D20 -> INSTALAÇÃO ELÉTRICA
AH13: =RESUMO!D21 -> LIMPEZA FINAL DE OBRA

Sheet CPUs
C2: Ministério do Desenvolvimento Regional - MDR
C3: Companhia de Desenvolvimento dos Vales do São Francisco e do Parnaíba
A5: OBJETO: SERVIÇOS COMUNS DE ENGENHARIA PARA EXECUÇÃO DE PÁTIO PARA MÚLTIPLOS USOS EM DIVERSOS MUNICÍPIOS DO ESTADO DO AMAPÁ SOB A ÁREA DE ATUAÇÃO DA 11ª SUPERINTENDÊNCIA REGIONAL DA CODEVASF ATRAVÉS DE SISTEMA DE REGISTRO DE PREÇOS - SRP
A8: MOBILIZAÇÃO E DESMOBILIZAÇÃO
A9: REFERÊNCIA: SICRO 3 AP 04/2025
A10: CÓDIGO DE REFERÊNCIA | B10: EQUIPAMENTO TRANSPORTADO DE REFERÊNCIA | C10: DISTÂNCIA (KM) | D10: VELOCIDADE (KM/H) | E10: FATOR K | F10: FATOR DE UTILIZAÇÃO (FU) | G10: VEÍCULO TRANSPORTADOR | H10: CUSTO HORÁRIO VEÍCULO TRANSPORTADOR | I10: CUSTO TOTAL DE TRANSPORTE
A11: E9526 | B11: Retroescavadeira de pneus - capacidade da caçamba da pá-carregadeira de 0,76 m³ e da retroescavadeira de 0,29 m³ - 58 kW | C11: 1 | D11: 60 | E11: 2 | F11: 0.5 | G11: E9665 | H11: 423.19 | I11: =(C11*E11*F11/D11)*H11 -> 7.0531667
A12: E9042 | B12: Trator sobre esteiras com lâmina - 97 Kw | C12: 1 | D12: 60 | E12: 2 | F12: 0.5 | G12: E9665 | H12: 423.19 | I12: =(C12*E12*F12/D12)*H12 -> 7.0531667
A13: E9524 | B13: Motoniveladora - 93 kW | C13: 1 | D13: 60 | E13: 2 | F13: 1 | G13: E9665 | H13: 423.19 | I13: =(C13*E13*F13/D13)*H13 -> 14.106333
A14: E9685 | B14: Rolo compactador pé de carneiro vibratório autopropelido por pneus de 11,6 t - 82 kW | C14: 1 | D14: 60 | E14: 2 | F14: 0.5 | G14: E9665 | H14: 423.19 | I14: =(C14*E14*F14/D14)*H14 -> 7.0531667
A15: E9798 | B15: Perfuratriz hidráulica rotopercussiva - 123 Kw | C15: 1 | D15: 60 | E15: 2 | F15: 1 | G15: E9665 | H15: 423.19 | I15: =(C15*E15*F15/D15)*H15 -> 14.106333
A16: E9094 | B16: Guindaste móvel sobre pneus com 6 eixos com capacidade máxima de 350 t - 450 kW | C16: 1 | D16: 60 | E16: 2 | F16: 1 | G16: E9094 | H16: 3009.78 | I16: =(C16*E16*F16/D16)*H16 -> 100.326
A17: TOTAL SEM BDI | I17: =SUM(I11:I16) -> 149.69817
A18: OBS. CÁLCULO DO CUSTO DE MOBILIZAÇÃO E DESMOBILIZAÇÃO REALIZADO DE ACORDO COM O MANUAL DE CUSTOS DE INFRAESTRUTURA DE TRANSPORTES - VOLUME 09 - MOBILIZAÇÃO E DESMOBILIZAÇÃO - 2017 - DNIT.
A20: OBS 2. PREÇO UNITÁRIO SERÁ MULTIPLICADO PELA MÉDIA DAS DISTÂNCIAS DA CAPITAL DO AMAPÁ (MACAPÁ) AOS 16 MUNICÍPIOS CONTEMPLADOS PELO CONTRATO, CONFORME ANEXO DMT.
A23: CPU 01 - BANCO EM ALVENARIA REVESTIDO EM CERÂMICA (M)
A24: Material | E24: FONTE | F24: UNID | G24: COEFICIENTE | H24: PREÇO UNITÁRIO | I24: TOTAL
A25: 00007258 | B25: TIJOLO CERAMICO MACICO COMUM DE *5 X 10 X 20* CM (L X A X C) | E25: SINAPI | F25: UN | G25: 100 | H25: 0.67 | I25: =G25*H25 -> 67
A26: 88309 | B26: PEDREIRO COM ENCARGOS COMPLEMENTARES | E26: SINAPI | F26: H | G26: 2.07 | H26: 26.21 | I26: =G26*H26 -> 54.2547
A27: 88316 | B27: SERVENTE COM ENCARGOS COMPLEMENTARES | E27: SINAPI | F27: H | G27: 3.14 | H27: 19.85 | I27: =G27*H27 -> 62.329
A28: 94318 | B28: ATERRO MECANIZADO DE VALA COM RETROESCAVADEIRA (CAPACIDADE DA CAÇAMBA DA RETRO: 0,26 M³ / POTÊNCIA: 88 HP), LARGURA ATÉ 1,5 M, PROFUNDIDADE DE 1,5 A 3,0 M, COM SOLO ARGILO-ARENOSO. AF_08/2023 | E28: SINAPI | F28: M3 | G28: 0.05 | H28: 66.96 | I28: =G28*H28 -> 3.348
A29: 104205 | B29: EMBOÇO OU MASSA ÚNICA EM ARGAMASSA TRAÇO 1:2:8, PREPARO MECÂNICA COM BETONEIRA 400 L, APLICADA COM PROJETOR TIPO CANEQUINHA EM PANOS DE FACHADA COM PRESENÇA DE VÃOS, ESPESSURA DE 45 MM, ACESSO POR BALANCIM MANUAL. AF_08/2022 | E29: SINAPI | F29: M2 | G29: 1 | H29: 85.71 | I29: =G29*H29 -> 85.71
A30: 104618 | B30: REVESTIMENTO CERÂMICO PARA PAREDES INTERNAS COM PLACAS TIPO PASTILHA DE DIMENSÕES 2,5 X 2,5 CM (PLACAS DE 30 X 30 CM) CM APLICADAS A MEIA ALTURA DAS PAREDES. AF_02/2023 | E30: SINAPI | F30: M2 | G30: 1 | H30: 476.32 | I30: =G30*H30 -> 476.32
A31: TOTAL SEM BDI | I31: =SUM(I25:I30) -> 748.9617
A32: FONTE: FNDE CPU 73
A35: CPU 02 - BANCO DE CONCRETO SEM ENCOSTO, DIM. 2,00 X 0,40 M (M2)
A36: Material | E36: FONTE | F36: UNID | G36: COEFICIENTE | H36: PREÇO UNITÁRIO | I36: TOTAL
A37: 00001379 | B37: CIMENTO PORTLAND COMPOSTO CP II-32 | E37: SINAPI | F37: KG | G37: 18 | H37: 1.12 | I37: =G37*H37 -> 20.16
A38: 88309 | B38: PEDREIRO COM ENCARGOS COMPLEMENTARES | E38: SINAPI | F38: H | G38: 1 | H38: 26.21 | I38: =G38*H38 -> 26.21
A39: 88316 | B39: SERVENTE COM ENCARGOS COMPLEMENTARES | E39: SINAPI | F39: H | G39: 2 | H39: 19.85 | I39: =G39*H39 -> 39.7
A40: 87893 | B40: CHAPISCO APLICADO EM ALVENARIA (SEM PRESENÇA DE VÃOS) E ESTRUTURAS DE CONCRETO DE FACHADA, COM COLHER DE PEDREIRO. ARGAMASSA TRAÇO 1:3 COM PREPARO MANUAL. AF_10/2022 | E40: SINAPI | F40: M2 | G40: 1.2 | H40: 7.65 | I40: =G40*H40 -> 9.18
A41: 94971 | B41: CONCRETO FCK = 25MPA, TRAÇO 1:2,3:2,7 (EM MASSA SECA DE CIMENTO/ AREIA MÉDIA/ BRITA 1) - PREPARO MECÂNICO COM BETONEIRA 600 L. AF_05/2021 | E41: SINAPI | F41: M3 | G41: 0.19 | H41: 764.25 | I41: =G41*H41 -> 145.2075
A42: 92801 | B42: CORTE E DOBRA DE AÇO CA-50, DIÂMETRO DE 6,3 MM. AF_06/2022 | E42: SINAPI | F42: KG | G42: 15.2 | H42: 11.9 | I42: =G42*H42 -> 180.88
A43: 87792 | B43: EMBOÇO OU MASSA ÚNICA EM ARGAMASSA TRAÇO 1:2:8, PREPARO MECÂNICO COM BETONEIRA 400 L, APLICADA MANUALMENTE EM PANOS CEGOS DE FACHADA (SEM PRESENÇA DE VÃOS), ESPESSURA DE 25 MM. AF_08/2022 | E43: SINAPI | F43: M2 | G43: 1.2 | H43: 41.62 | I43: =G43*H43 -> 49.944
A44: 96542 | B44: FABRICAÇÃO, MONTAGEM E DESMONTAGEM DE FÔRMA PARA VIGA BALDRAME, EM CHAPA DE MADEIRA COMPENSADA RESINADA, E=17 MM, 4 UTILIZAÇÕES. AF_01/2024 | E44: SINAPI | F44: M2 | G44: 1.9 | H44: 96.62 | I44: =G44*H44 -> 183.578
A45: TOTAL SEM BDI | I45: =SUM(I37:I44) -> 654.8595
A46: FONTE: FNDE CPU 508
